Cogmind - Beta 16 @@@ ROGUE MODE // 2025.12.07 @ 00:37:17 Player: lvl5hm Result: Destroyed by P-80 Master with Gamma Rifle Performance ------------- Evolutions (9) 4500 Regions Visited (29) 5800 Robots Destroyed (418) 2090 Value Destroyed (19504) 19504 Prototype IDs (53) 1060 Alien Tech Used (10) 2000 Bonus (9181) 9181 TOTAL SCORE: 44135 Bonus ------- High Alert Combat Kills 746 Follower Combat Kills 1862 Network Hubs Disabled 200 Met Zhirov 300 Met Warlord at Base 500 MAIN.C Attacked Warlord 500 Warlord Defense Kills 1852 Built Enhanced Grunts 300 Met R17 at Cetus 500 Met R17 at Research 2000 Met Warlord at Research 2000 Scanned by Researcher 500 Pursued by Intercept 1000 Friendly Fire -3079 Cogmind --------- Core Integrity 0/1600 Matter 80/300 Energy 100/100 System Corruption 47% Temperature Cool (27) +ITN Movement Treading (95) +NEM 1 Location -1/Command Parts ------- > --- POWER (3) -------- (None) > --- PROPULSION (6) --- Treaded Siege-Myomer Exoskeleton > --- UTILITY (12) ----- Huge Storage Unit Experimental Core Analyzer > --- WEAPON (4) ------- Linear Accelerator > --- INVENTORY (25) --- Thunder Leg Improved Energy Well (400) Improved Energy Well (400) Improved Matter Compressor (300) Improved Terrain Scanner Advanced ECM Suite Phase Armor Advanced Component Analysis Suite Transdimensional Reconstructor Subatomic Replicator Compact HERF Cannon Linear Accelerator Gamma Bomb Array Improved Plasma Cutter Multitool Peak State ------------ > --- POWER ------------ Quantum Reactor Multi-Quantum Reactor > --- PROPULSION ------- Treaded Siege-Myomer Exoskeleton > --- UTILITY ---------- Armored Scrap Engine Experimental Cooling System Huge Storage Unit Experimental Core Analyzer Quantum Capacitor Experimental Reaction Control System Heavy Regenerative Plating AEGIS Remote Shield System Mapper > --- WEAPON ----------- Compact HERF Cannon Gamma Bomb Array Hvy. Ballistic Construct/C > --- INVENTORY -------- Vortex Chain Reactor Thunder Leg Improved Energy Well Improved Energy Well Improved Matter Compressor Improved Terrain Scanner Advanced ECM Suite Phase Armor Graphene Brace Advanced Component Analysis Suite Dimensional Node Initializer Transdimensional Reconstructor Transdimensional Reconstructor Subatomic Replicator Vortex Shotgun Linear Accelerator Linear Accelerator Linear Accelerator Improved Plasma Cutter Multitool Nanosword [Rating: 231] Favorites ----------- Power Constructs Engine Subdweller Power Source Power Core Fission Core Reactor Constructs Propulsion Constructs Treads Constructs Flight Unit Xenon Bombardment Thruster Utility Armored Scrap Engine Device Armored Scrap Engine Storage Huge Storage Unit Processor Advanced Signal Interpreter Hackware System Mapper Protection Gun Armor Artifact Phase Armor Weapon Constructs Energy Gun Medium Laser Energy Cannon Compact Ion Cannon Ballistic Gun Improved Assault Rifle Ballistic Cannon Constructs Launcher Proton Missile Launcher Special Weapon Multitool Impact Weapon Makeshift Hammer Slashing Weapon Power Sword Build | -11 -10 -10 -8 -8 -8 -6 -6 -6 -6 -6 -5 -5 -5 -5 -5 -5 -4 -4 -4 -4 -4 -3 -3 -3 -3 -2 -2 -1 -1 ------- Run | Yrd Mat Sub Mat Sto Rec Fac Ext Cet Arc Hub Fac Was Fac Upp Upp Zhi Pro Fac Upp Upp War Pro Res Qua Sec Res Tes Acc Com Slots Evolved 18 | . . . 4 . . 4 . . . . 2 . . . . . . 2 . . . . 2 . . 2 . 2 . Power 2 | . . . . . . 1 . . . . . . . . . . . . . . . . . . . 1 . . . Propulsion 4 | . . . 2 . . 1 . . . . . . . . . . . 1 . . . . . . . . . . . Utility 10 | . . . 2 . . 2 . . . . 1 . . . . . . . . . . . 2 . . 1 . 2 . Weapon 2 | . . . . . . . . . . . 1 . . . . . . 1 . . . . . . . . . . . Parts Attached 158 | 8 9 12 9 14 1 14 . 4 2 . 5 . 14 . 5 3 1 3 1 3 8 2 7 12 6 4 4 2 5 Power 13 | 1 1 2 1 . . 2 . . . . . . . . . . . . . . 1 . 1 1 1 . 1 . 1 Engine 6 | 1 1 2 1 . . 1 . . . . . . . . . . . . . . . . . . . . . . . Core 1 | . . . . . . 1 . . . . . . . . . . . . . . . . . . . . . . . Reactor 6 | . . . . . . . . . . . . . . . . . . . . . 1 . 1 1 1 . 1 . 1 Propulsion 15 | 2 2 1 2 7 . . . . . . . . . . . . . . . . . . . . . . . . 1 Treads 14 | 2 2 1 2 7 . . . . . . . . . . . . . . . . . . . . . . . . . Leg . | . . . . . . . . . . . . . . . . . . . . . . . . . . . . . . Wheel . | . . . . . . . . . . . . . . . . . . . . . . . . . . . . . . Hover . | . . . . . . . . . . . . . . . . . . . . . . . . . . . . . . Flight 1 | . . . . . . . . . . . . . . . . . . . . . . . . . . . . . 1 Utility 88 | 2 3 2 3 3 1 11 . 4 2 . 3 . 13 . 4 3 1 3 1 1 3 1 4 8 4 3 3 1 1 Device 59 | 1 2 . . . 1 8 . 3 2 . 2 . 10 . 4 1 1 2 . 1 2 1 2 6 3 2 3 1 1 Storage 8 | 1 1 . . 1 . 1 . . . . . . 1 . . 2 . . . . . . . . . 1 . . . Processor 5 | . . . 1 . . . . . . . . . 2 . . . . . 1 . 1 . . . . . . . . Hackware 1 | . . . . . . . . . . . . . . . . . . . . . . . 1 . . . . . . Protection 13 | . . 2 2 2 . 2 . 1 . . 1 . . . . . . 1 . . . . 1 . 1 . . . . Artifact 2 | . . . . . . . . . . . . . . . . . . . . . . . . 2 . . . . . Weapon 42 | 3 3 7 3 4 . 1 . . . . 2 . 1 . 1 . . . . 2 4 1 2 3 1 1 . 1 2 Energy Gun 4 | 2 . . . 1 . . . . . . . . . . . . . . . . 1 . . . . . . . . Energy Cannon 8 | . . 1 . 1 . 1 . . . . . . . . . . . . . . 1 . 1 1 . 1 . 1 . Ballistic Gun 10 | 1 3 2 3 . . . . . . . . . . . . . . . . . . 1 . . . . . . . Ballistic Cannon 4 | . . 1 . . . . . . . . . . . . . . . . . 1 . . . . . . . . 2 Launcher 7 | . . 1 . 2 . . . . . . . . 1 . 1 . . . . . 1 . . . 1 . . . . Special Weapon 4 | . . 1 . . . . . . . . 1 . . . . . . . . 1 1 . . . . . . . . Impact Weapon 2 | . . 1 . . . . . . . . . . . . . . . . . . . . 1 . . . . . . Slashing Weapon 3 | . . . . . . . . . . . 1 . . . . . . . . . . . . 2 . . . . . Piercing Weapon . | . . . . . . . . . . . . . . . . . . . . . . . . . . . . . . Special Melee Weapon . | . . . . . . . . . . . . . . . . . . . . . . . . . . . . . . Unidentified Prototypes 42 | . 1 1 . 3 1 1 . 2 . . . . 1 . . 4 . 1 1 . 5 2 6 4 4 1 3 . 1 Parts Lost 36 | . 2 3 2 1 . 1 . . . . . . 1 . . . . . . . . . . . 4 2 . 1 19 Power 6 | . . . 1 . . . . . . . . . . . . . . . . . . . . . 1 . . . 4 Propulsion 7 | . . 1 1 . . . . . . . . . . . . . . . . . . . . . . 1 . . 4 Utility 17 | . 1 2 . 1 . 1 . . . . . . 1 . . . . . . . . . . . 1 1 . 1 8 Weapon 6 | . 1 . . . . . . . . . . . . . . . . . . . . . . . 2 . . . 3 Highest Loss Streak 14 | . 2 1 2 1 . 1 . . . . . . 1 . . . . . . . . . . . 2 1 . 1 14 To Critical Strikes 2 | . . . . . . . . . . . . . . . . . . . . . . . . . . 1 . . 1 Average Backups 18 | 1 8 10 14 14 14 14 15 18 20 19 19 20 22 23 25 24 25 24 24 24 23 22 23 22 21 20 22 21 21 Power 1 | . . . 1 1 . . 1 1 1 1 1 3 3 3 3 2 1 1 1 1 . . . 1 1 1 1 1 1 Propulsion . | . 1 1 2 1 2 1 . 1 1 1 1 . . . . . . . . . . . . . . . 1 1 1 Utility 8 | . 2 2 2 3 3 5 7 8 10 9 11 13 13 14 14 13 15 15 15 14 13 14 14 12 9 9 11 9 7 Weapon 5 | 1 4 5 7 7 6 6 6 7 7 6 4 3 4 3 5 4 5 4 4 4 6 5 4 4 3 3 3 4 6 Tool/Special . | . . . . . . . . . . . . . . . . . . . . . . . . . . . . . . Unused Backups 64 | . . 5 2 . 1 8 3 1 1 1 6 . 6 . . 3 . 4 . . 5 1 1 7 . . . 3 6 Power 4 | . . . . . . . . . . . 1 . . . . 2 . . . . 1 . . . . . . . . Propulsion 5 | . . . . . . 2 . . . . 2 . . . . . . . . . . . . . . . . . 1 Utility 28 | . . 3 1 . . 4 2 1 1 1 . . 1 . . 1 . 2 . . 2 . 1 6 . . . . 2 Weapon 24 | . . 1 1 . 1 2 1 . . . 3 . 5 . . . . 2 . . 2 1 . 1 . . . 3 1 Tool/Special 3 | . . 1 . . . . . . . . . . . . . . . . . . . . . . . . . . 2 Average Slot Usage (%) 63 | . 99 82 59 85 71 57 58 58 58 58 62 63 58 58 57 53 58 50 47 47 51 50 59 61 57 50 58 56 51 Engine 3 | . 14 12 5 6 6 2 5 . . 4 5 2 1 5 4 . . . . . . . . . . . . . . Core 1 | . . . . . . 4 . 4 1 . . 2 3 . . 5 5 5 5 5 2 . . . . . . . . Reactor 1 | . . . . . . . . . 3 1 . . . . . . . . . . 2 5 6 9 6 6 6 8 7 Treads 6 | . 28 22 11 27 17 1 2 . . . 2 5 1 . . . . . . . . . . 3 1 . . . 4 Leg 2 | . . . . . 2 . 2 5 5 5 2 . 3 5 5 5 5 4 5 5 5 5 4 . 3 4 4 3 . Device 13 | . 13 3 6 3 4 16 17 14 16 17 19 21 22 23 22 22 23 17 19 14 7 10 11 13 12 12 14 19 18 Storage 5 | . 14 8 7 7 7 5 5 5 5 5 5 5 5 5 5 5 5 5 5 5 5 5 4 4 4 5 5 4 4 Processor 3 | . . . 1 . . . . . . . . . 3 5 5 5 5 5 6 10 12 15 14 9 8 4 4 4 4 Protection 5 | . . 8 11 18 13 5 5 7 5 5 5 5 1 . . . . 3 . . 4 . 1 3 3 5 4 4 3 Energy Cannon 4 | . . 2 1 4 7 12 11 13 17 12 10 12 2 . . . . . . . 1 . . . 1 1 4 3 3 Ballistic Gun 4 | . 18 16 11 15 6 . . . . . . . . . . . . . . . . . . . 1 1 4 . . Ballistic Cannon 2 | . . . . . . 1 4 3 . 3 5 2 4 5 5 5 5 5 5 5 3 5 4 3 . . . 1 3 Slashing Weapon 1 | . . . . . . . . . . . 4 5 4 5 3 2 5 3 . . . . . 3 3 1 1 2 . Peak Build Rating 231 | 7 12 24 27 39 55 89 93 104 107 107 116 118 119 100 101 104 103 126 123 131 140 156 176 202 199 188 218 222 231 Average Rating 99 | 6 7 17 25 33 44 77 89 100 105 105 115 116 105 99 99 97 103 115 119 120 134 146 164 183 180 165 200 214 207 On Entrance 105 | . 7 12 23 27 36 55 89 90 104 107 105 116 118 100 100 98 103 103 123 119 131 138 147 171 199 155 175 209 215 Avg Prop Armor Cover (%) 15 | . . . . . 15 . . . . . . . . . . . . . . . . . . . . . . . . Naked Turns . | . . . . . . . . . . . . . . . . . . . . . . . . . . . . . . Heaviest Build 195 | 15 32 40 42 48 47 71 69 75 75 78 89 86 126 114 119 114 117 123 117 118 138 132 135 179 167 183 195 190 191 Greatest Support 247 | 40 40 40 40 92 89 123 111 122 122 122 146 146 146 95 95 95 95 181 143 143 143 145 196 201 205 205 247 210 210 Greatest Overweight (x) 10 | . . 1 10 1 2 1 . . . . . . 1 1 1 1 1 1 . . . . . . . 1 . . . Average Overweight (x) . | . . . . . . . . . . . . . . 1 1 1 1 . . . . . . . . . . . . Largest Inventory Capacity 25 | 8 15 15 15 15 15 20 20 20 20 20 20 20 25 25 25 25 25 25 25 25 25 25 25 25 25 25 25 25 25 Average Capacity 20 | 7 14 12 15 15 15 15 15 20 20 20 20 20 24 25 25 25 25 25 25 25 25 25 25 25 25 25 25 25 25 Most Carried 25 | 3 14 15 15 15 15 16 18 20 20 20 20 20 25 25 25 25 25 25 25 25 25 23 25 25 25 25 25 25 25 Average Carried 19 | 1 8 11 14 14 14 14 15 18 20 19 19 20 23 23 25 24 25 24 24 24 23 22 24 24 23 22 24 23 23 Final Capacity 25 | 8 15 15 15 15 15 15 20 20 20 20 20 20 25 25 25 25 25 25 25 25 25 25 25 25 25 25 25 25 25 Final Carried 25 | 3 14 15 15 15 15 15 18 20 20 19 20 20 23 25 25 25 25 25 24 24 22 22 25 24 22 25 25 25 16 Scrap Engine Consumption 315 | . . . . . 46 42 29 6 4 7 10 2 19 . 1 2 1 21 . 5 13 5 9 15 23 27 6 10 12 Constructs Created 6 | . . . . . 5 . . . . . . . . . . . . . . . . . 1 . . . . . . Constructs Modified 135 | . . . . . 11 16 11 6 1 2 3 3 9 . 1 . . 9 1 2 3 2 8 7 14 9 6 6 5 Class Distribution -------------------- 44% | Construct 19% | Hacker-Construct 17% | Mutant 7% | Commander-Construct 4% | Tank 3% | Scavenger-Mutant Dominant Class ---------------- Mutant | -10/Materials Mutant | -10/Subcaves Mutant | -8/Materials Tank | -8/Storage Construct | -8/Recycling Construct | -6/Factory Construct | -6/Extension Commander-Construct | -6/Cetus Commander-Construct | -6/Archives Commander-Construct | -6/Hub_04(d) Construct | -5/Factory Construct | -5/Waste Construct | -5/Factory Construct | -5/Upper Caves Construct | -5/Upper Caves Construct | -5/Zhirov Construct | -4/Proximity Caves Construct | -4/Factory Construct | -4/Upper Caves Construct | -4/Upper Caves Commander-Construct | -4/Warlord Construct | -3/Proximity Caves Hacker-Construct | -3/Research Hacker-Construct | -3/Quarantine Hacker-Construct | -3/Section 7 Hacker-Mutant | -2/Research Hacker-Construct | -2/Testing Hacker-Construct | -1/Access Hacker-Construct | -1/Command Resources | -11 -10 -10 -8 -8 -8 -6 -6 -6 -6 -6 -5 -5 -5 -5 -5 -5 -4 -4 -4 -4 -4 -3 -3 -3 -3 -2 -2 -1 -1 ----------- Run | Yrd Mat Sub Mat Sto Rec Fac Ext Cet Arc Hub Fac Was Fac Upp Upp Zhi Pro Fac Upp Upp War Pro Res Qua Sec Res Tes Acc Com Matter Collected 9390 | 272 270 682 323 436 258 401 68 55 50 10 150 . 534 141 505 263 115 1436 134 523 357 74 356 685 439 222 161 246 224 Remotely 357 | . . . . . . . . . . . . . . . . . . . . . 227 . 130 . . . . . . Salvage Created 22471 | 125 377 658 595 641 1281 1528 1207 181 190 360 559 . 2039 25 649 263 80 1823 116 611 1129 223 517 1388 1598 1178 717 1350 1063 Parts 1073 | 12 30 50 36 28 46 71 47 4 9 18 25 . 96 . 30 1 1 70 1 25 54 18 27 94 87 28 34 71 60 Haulers Intercepted 16 | . 1 . 2 2 . 1 . . . 2 . . 1 . . . . 3 . . . . 1 . . 2 . 1 . Recyclers Shooed 12 | 1 1 . . . 3 1 1 . . 1 . . 1 . . . . 1 . . . . . . . . . . 2 Parts Field Recycled . | . . . . . . . . . . . . . . . . . . . . . . . . . . . . . . Retrieved Matter . | . . . . . . . . . . . . . . . . . . . . . . . . . . . . . . Parts Self-Destructed 84 | . . 14 . . . . . . . . . . . . 28 . 1 . . 22 . 19 . . . . . . . Prevented 2 | . . . . . . . . . . . . . . . . . . . . . . 2 . . . . . . . Parts Restored . | . . . . . . . . . . . . . . . . . . . . . . . . . . . . . . Kills | -11 -10 -10 -8 -8 -8 -6 -6 -6 -6 -6 -5 -5 -5 -5 -5 -5 -4 -4 -4 -4 -4 -3 -3 -3 -3 -2 -2 -1 -1 ------- Run | Yrd Mat Sub Mat Sto Rec Fac Ext Cet Arc Hub Fac Was Fac Upp Upp Zhi Pro Fac Upp Upp War Pro Res Qua Sec Res Tes Acc Com Combat Hostiles Destroyed 325 | . 7 20 11 12 10 27 18 2 2 2 12 . 29 . 14 . . 19 . 15 19 3 7 21 20 12 11 14 18 Melee 26 | . . . . . . . . . . . . . . . . . . . . . 1 . . 5 20 . . . . Guns 49 | . 7 14 11 8 3 . . . . . . . . . . . . . . . . . . . . 1 3 . 2 Cannons 191 | . . 3 . . 7 25 17 2 2 2 12 . 28 . 8 . . 18 . 10 7 3 5 16 . 1 1 9 15 AOE 44 | . . 3 . 4 . . . . . . . . 1 . 4 . . . . 5 10 . 2 . . 5 7 2 1 Classes Destroyed 27 | 2 6 2 1 1 1 1 3 . . . . . 3 . . . . . . 1 2 . 1 . 1 1 . . 1 Worker 15 | 1 1 . . . . 1 3 . . 1 1 . . . . . . . . . . . . 1 1 1 1 3 . Builder 14 | . . . . . 1 1 2 . . 1 . . 3 . . . . 1 . . . . . 3 . . 1 1 . Tunneler 7 | 5 . . . . . 1 . . . . . . 1 . . . . . . . . . . . . . . . . Hauler 16 | . 1 . 2 2 . 1 . . . 2 . . 1 . . . . 3 . . . . 1 . . 2 . 1 . Recycler 22 | . 1 . 2 1 11 . 1 . . . . . 2 . . . . 2 . . . . . . 1 . . 1 . Mechanic 1 | . . . . . . . . . . . . . 1 . . . . . . . . . . . . . . . . Operator 5 | . 1 . . . . 1 . . 1 . . . 1 . . . . . . . . . . . 1 . . . . Watcher 8 | . 1 . 1 . . . 1 . . . . . 1 . . . . 1 . . . . . 2 . . . . 1 Swarmer 89 | . 3 7 7 4 . 7 4 . . . 5 . 6 . 6 . . . . 9 7 . 2 6 3 2 4 . 7 Saboteur 3 | . . . . . . . 1 . . . . . . . . . . . . . 1 . . . . . . . 1 Grunt 65 | . 4 . 2 3 . 6 4 . . 1 5 . 8 . 3 . . 5 . 4 6 . . 3 5 2 2 2 . Brawler 4 | . . . . . . . . . . . . . 2 . . . . . . . 2 . . . . . . . . Duelist 2 | . . . . . . . . . . . . . 1 . 1 . . . . . . . . . . . . . . Protector 3 | . . . . . . . . . . . . . . . . . . . . . 2 1 . . . . . . . Researcher 2 | . . . . . . . . . . . . . . . . . . . . . . . . . 2 . . . . Sentry 36 | . . . 2 4 2 6 6 . 2 . . . 2 . 1 . . 3 . 1 . 1 1 . 2 . . 1 2 Demolisher 4 | . . . . . . . 2 . . . . . . . . . . . . . . 1 . . . 1 . . . Specialist 1 | . . . . . . . . . . . . . . . . . . . . . . . . . . . . . 1 Hunter 33 | . . . . 1 . 1 . . . . 2 . 2 . 2 . . 5 . . . . 2 3 4 2 3 4 2 Programmer 51 | . . . . . . 7 . . . 1 . . 8 . 1 . . 6 . 1 1 . 1 9 5 . 2 5 4 Behemoth 1 | . . . . . . . 1 . . . . . . . . . . . . . . . . . . . . . . Cetus Guard 2 | . . . . . . . . 2 . . . . . . . . . . . . . . . . . . . . . S7 Guard 1 | . . . . . . . . . . . . . . . . . . . . . . . . . 1 . . . . Tracker 2 | . . . . . . . . . . . . . . . . . . . . . . . . . . . . 2 . Combat Programmer 1 | . . . . . . . . . . . . . . . . . . . . . . . . . . . . . 1 Striker 1 | . . . . . . . . . . . . . . . . . . . . . . . 1 . . . . . . Executioner 3 | . . . . . . . . . . . . . . . . . . . . . . . . . . 3 . . . Artisan 2 | . . 2 . . . . . . . . . . . . . . . . . . . . . . . . . . . Subdweller 21 | . . 13 . . 8 . . . . . . . . . . . . . . . . . . . . . . . . Decomposer 1 | . . . . . . . . . . . . . . 1 . . . . . . . . . . . . . . . Packrat 3 | . . . . . . . . . . . . . . . 1 . . . 2 . . . . . . . . . . Tinkerer 1 | . . . . . . . . . . . . . . . . . . . . 1 . . . . . . . . . Thug 3 | . . . . . . . . . . . . . . . . . . . . . 1 . . . . 2 . . . Mutant 1 | . . . . . . . . . . . . . . . . . . . . . 1 . . . . . . . . Best Kill Streak 14 | 3 3 4 4 4 3 4 5 2 2 2 4 . 14 . 6 . . 3 . 5 12 2 2 3 4 4 8 6 4 Combat Bots Only 12 | . 3 4 4 4 1 4 5 2 2 1 4 . 9 . 6 . . 3 . 5 12 2 2 3 4 4 6 3 4 Max Kills in Single Turn 5 | 1 1 3 2 4 1 1 2 1 1 2 2 . 5 1 4 . . 1 1 3 3 1 1 1 1 2 3 2 2 Gunslinging 1 | . . . 1 . . . . . . . . . . . . . . . . . . . . . . . . . . Exploded 4 | . . 3 . 4 . . . . . . . . 1 . 4 . . . . 3 2 . 1 . . 2 3 1 1 Melee 1 | . . . . . . . . . . . . . . . . . . . . . 1 . . 1 1 . . . . Uniques/NPCs Destroyed 1 | . . . . . . . . 1 . . . . . . . . . . . . . . . . . . . . . A7 (-6/Cetus) Combat | -11 -10 -10 -8 -8 -8 -6 -6 -6 -6 -6 -5 -5 -5 -5 -5 -5 -4 -4 -4 -4 -4 -3 -3 -3 -3 -2 -2 -1 -1 -------- Run | Yrd Mat Sub Mat Sto Rec Fac Ext Cet Arc Hub Fac Was Fac Upp Upp Zhi Pro Fac Upp Upp War Pro Res Qua Sec Res Tes Acc Com Hostile Shots Fired 3066 | . 53 88 49 85 16 257 122 11 11 31 91 1 245 . 26 . . 257 . 31 48 9 35 236 401 95 91 263 514 Missed 952 | . 16 24 8 16 6 113 44 1 5 14 21 . 79 . 9 . . 101 . 13 15 1 13 79 123 36 35 67 113 Hits 2114 | . 37 64 41 69 10 144 78 10 6 17 70 1 166 . 17 . . 156 . 18 33 8 22 157 278 59 56 196 401 Melee 23 | . . . . . . . . . . . . 1 . . . . . . . . 3 . . . . 5 . . 14 Projectile 2091 | . 37 64 41 69 10 144 78 10 6 17 70 . 166 . 17 . . 156 . 18 30 8 22 157 278 54 56 196 387 AOE 72 | . . 2 . . . . 3 . . . . . . . . . . 1 . . 8 3 . . 2 5 . 3 45 Critical Strikes 95 | . 2 5 . 1 2 1 2 2 . 2 . . 7 . . . . 5 . 1 2 . . 8 12 5 3 6 29 Actively Blocked 20 | . . . . . . . . . . . . . . . . . . . . . . . . . 5 . . . 15 Part Disruptions 2 | . . . . . . . . . . . . . . . . . . . . . . . . 1 . . . . 1 Damage Taken 38865 | . 452 1271 466 965 221 1761 1070 278 143 422 782 36 2373 . 286 . . 2001 . 219 610 258 390 1956 5272 2075 703 2137 12718 Core 3247 | . 86 81 74 134 . 153 120 41 . . 25 . 175 . . . . 131 . 34 16 . . 150 214 319 6 87 1401 Absorbed by Shields 10516 | . . . . . . . 139 52 . . 286 13 685 . 39 . . 932 . 82 238 14 21 1635 1679 531 676 2020 1474 Redirected to Core 31 | . . . . . . . . . . . . . . . . . . . . . . . . 31 . . . . . Ignored by Resistances 272 | . . . 18 36 . . . . . . . . . . . . . 162 . 56 . . . . . . . . . Regen/Repaired (Parts) 15615 | . 105 . . 320 5 711 938 137 75 148 581 125 1943 93 94 . . 799 164 323 305 . 314 1029 2772 1153 950 1547 984 Core Remaining (%) 71 | 100 . 33 . . 62 . . . . 63 . . . . . . 80 . . . . 84 . . 72 . 77 . . Volleys Fired 1276 | 13 41 79 34 37 38 106 53 15 16 31 25 . 120 . 31 . . 117 3 36 66 14 36 104 19 65 19 67 91 Largest 3 | 2 2 2 2 3 3 3 3 3 2 3 3 . 2 . 1 . . 1 1 1 2 1 2 2 1 1 2 2 1 Hottest 315 | 70 70 103 46 136 136 264 264 264 174 264 315 . 179 . 77 . . 77 77 77 103 57 87 97 80 94 118 133 312 Shots Fired 1766 | 26 79 135 68 84 110 183 132 32 18 47 47 . 123 . 31 . . 117 3 35 71 14 38 106 18 65 27 68 89 Gun 488 | 26 79 105 68 72 72 . . . . . . . . . . . . . . . . . . . 6 39 18 . 3 Cannon 1205 | . . 12 . 11 38 183 132 32 18 47 47 . 121 . 29 . . 117 3 33 54 14 30 106 11 15 3 65 84 Launcher 45 | . . 1 . 1 . . . . . . . . . . 2 . . . . 2 11 . 5 . 1 11 6 3 2 Special 28 | . . 17 . . . . . . . . . . 2 . . . . . . . 6 . 3 . . . . . . Kinetic 963 | 13 47 105 68 73 72 9 14 7 . 24 25 . 106 . 31 . . 117 3 35 . 14 7 58 5 15 11 26 78 Thermal 579 | 13 32 29 . 11 38 174 118 25 18 23 22 . 17 . . . . . . . . . 11 29 . . . 19 . Explosive 1 | . . 1 . . . . . . . . . . . . . . . . . . . . . . . . . . . Electromagnetic 104 | . . . . . . . . . . . . . . . . . . . . . 11 . 2 . 1 50 9 23 8 Entropic 113 | . . . . . . . . . . . . . . . . . . . . . 54 . 18 19 12 . 7 . 3 Robot Hit Streak 37 | 12 9 37 24 13 18 15 7 4 4 9 5 . 12 . 5 . . 12 5 7 17 5 6 6 6 6 4 14 6 Robot Miss Streak 8 | 3 3 2 3 2 4 3 8 4 3 3 8 . 4 . 4 . . 3 . 2 4 2 2 6 2 8 6 5 6 Penetration Max 2 | . . . . . . . 1 . . 1 1 . 1 . 1 . . . . . . . . 2 . . . 1 1 Secondary Targets 4 | . 1 . 2 . . . . . . . . . . . . . . . . . . . . . . . 1 . . Max Gunslinging Chain 1 | . 1 . 1 . . . . . . . . . . . . . . . . . . . . . . . 1 . . Capacitor 42 | . . . . . . . . . . . . . . . . . . . . . . . . . . . . 36 6 Shots Hit Robots 1133 | 19 52 97 48 64 66 97 64 18 11 26 23 . 76 1 12 6 1 78 2 23 46 9 21 62 66 36 17 44 48 Core Hits 599 | 7 22 32 22 25 28 36 30 8 4 13 13 . 34 . 15 3 . 24 2 13 45 6 10 28 31 49 36 29 34 Critical Kills 20 | . 1 . . . . 2 5 . . . 1 . 4 . 2 . . 2 . 1 . . . . . . . 2 . Critical Parts Destroyed 31 | . 1 . . . . . 7 . . . 1 . 19 . . . . . . . . . . . . . 1 1 1 Critical Strikes 80 | . 4 1 . . . 2 12 1 . . 2 . 23 . 2 . . 10 . 1 7 . . . 7 1 1 3 3 Burn 2 | . 2 . . . . . . . . . . . . . . . . . . . . . . . . . . . . Meltdown 7 | . . . . . . 2 1 . . . . . . . 2 . . 2 . . . . . . . . . . . Destroy 44 | . 2 1 . . . . 11 . . . 2 . 23 . . . . . . 1 . . . . . . . 3 1 Blast 9 | . . . . . . . . 1 . . . . . . . . . 8 . . . . . . . . . . . Sever 10 | . . . . . . . . . . . . . . . . . . . . . . . . . 7 1 . . 2 Detonate 1 | . . . . . . . . . . . . . . . . . . . . . . . . . . . 1 . . Sunder 7 | . . . . . . . . . . . . . . . . . . . . . 7 . . . . . . . . Melee Attacks 224 | . . 29 6 . 5 . . . . . 10 . 9 1 . 6 2 12 . . . . 7 35 78 7 3 7 7 Impact 53 | . . 29 6 . 5 . . . . . . . . . . . . . . . . . 7 6 . . . . . Slashing 171 | . . . . . . . . . . . 10 . 9 1 . 6 2 12 . . . . . 29 78 7 3 7 7 Piercing . | . . . . . . . . . . . . . . . . . . . . . . . . . . . . . . Sneak Attacks 20 | . . . 1 . 1 . . . . . . . 3 1 . . . 5 . . . . 1 3 4 . . 1 . Combat Hostiles . | . . . . . . . . . . . . . . . . . . . . . . . . . . . . . . Follow-up Attacks . | . . . . . . . . . . . . . . . . . . . . . . . . . . . . . . Damage Inflicted 62047 | 242 669 1621 829 1328 1482 4568 3599 979 730 2113 1312 . 6049 82 1315 531 63 5906 152 2309 4231 681 1584 3818 4745 2674 1555 2730 4150 Guns 5610 | 242 669 1279 709 874 533 . . . . . . . . . . . . . . . . . . . 52 686 401 . 165 Cannons 41106 | . . 224 . 222 855 4568 3599 979 730 1702 1272 . 5181 . 1097 . . 5394 152 1953 2174 681 1236 2574 336 251 90 2178 3658 Explosions 7417 | . . 118 . 232 . . . . . 411 . . 530 . 218 . . 129 . 356 2057 . 251 . 51 1598 1064 303 99 Melee 7813 | . . . 120 . 94 . . . . . 40 . 248 82 . 531 63 378 . . . . 91 1244 4306 139 . 249 228 Ramming 88 | . . . . . . . . . . . . . 83 . . . . 5 . . . . . . . . . . . Kinetic 28146 | 128 401 1279 709 1106 533 303 516 302 . 1079 913 . 4587 . 1315 . . 5394 152 2309 . 681 199 1294 52 227 135 958 3574 Thermal 16259 | 114 268 224 . 222 855 4265 3083 677 730 631 359 . 1131 . . . . 112 . . 1028 . 401 830 . 110 288 931 . Explosive 135 | . . 118 . . . . . . . . . . . . . . . 17 . . . . . . . . . . . Electromagnetic 5374 | . . . . . . . . . . 403 . . . . . . . . . . 1029 . 52 . 51 2198 866 592 183 Impact 378 | . . . 120 . 94 . . . . . . . . . . . . . . . . . 91 73 . . . . . Slashing 7435 | . . . . . . . . . . . 40 . 248 82 . 531 63 378 . . . . . 1171 4306 139 . 249 228 Piercing . | . . . . . . . . . . . . . . . . . . . . . . . . . . . . . . Entropic 4232 | . . . . . . . . . . . . . . . . . . . . . 2174 . 841 450 336 . 266 . 165 Highest Corruption 47 | . 2 2 . . . 2 2 2 2 5 . 18 18 2 2 2 2 5 5 5 5 1 . 10 14 . 6 14 47 Average Corruption 3 | . 2 2 . . . 1 2 2 1 1 . 10 6 2 2 2 2 1 5 5 1 1 . 2 2 . 5 4 17 Corruption Purged 39 | . . . . . . . . . 2 . . . 20 . . . . . . . . . . 10 7 . . . . Corruption Blocked . | . . . . . . . . . . . . . . . . . . . . . . . . . . . . . . Effects 336 | . 14 36 . . . 8 21 9 6 1 . 5 35 11 19 3 13 8 17 21 1 4 . 21 21 . 9 10 43 Message Errors 79 | . 6 10 . . . 1 2 3 . . . . 11 2 4 1 3 . 6 6 . 1 . 7 4 . . 3 9 Matter Fused 84 | . 4 13 . . . 1 4 4 1 . . 2 6 4 6 . 4 2 6 7 1 1 . 3 6 . 1 1 7 Heat Flow Errors 37 | . . 4 . . . . 5 . 1 . . . 2 2 5 1 2 1 3 1 . 1 . . 2 . 1 1 5 Energy Discharges 40 | . 1 3 . . . 3 3 . 1 1 . 2 6 1 1 . . 3 1 2 . . . 2 3 . 3 1 3 Parts Rejected 6 | . . . . . . . . . . . . . . . . . . 2 . . . . . 1 . . . 1 2 Parts Fused 3 | . . . . . . . 1 . . . . . . . . . . . . 1 . . . . . . 1 . . Data Loss (minor) 41 | . 1 3 . . . 2 . . 1 . . . 6 1 3 1 3 . . 3 . 1 . 3 3 . . 3 7 Data Loss (major) 18 | . 1 1 . . . . 2 . 1 . . . 3 1 . . . . 1 . . . . 3 2 . 1 . 2 Misfires 12 | . 1 1 . . . . 3 2 1 . . . 1 . . . . . . . . . . . . . . . 3 Alerts 6 | . . 1 . . . . . . . . . 1 . . . . 1 . . . . . . 2 . . 1 . . Weapon Failures 10 | . . . . . . 1 1 . . . . . . . . . . . . 1 . . . . 1 . 1 . 5 Overload Shots . | . . . . . . . . . . . . . . . . . . . . . . . . . . . . . . Overflow Damage 4154 | . . 25 90 . 7 642 289 . 33 152 110 . 513 71 72 57 49 695 . 271 45 . 5 424 187 7 5 38 367 Projectiles 3102 | . . 10 . . 7 642 289 . 33 128 110 . 457 . 72 . . 544 . 271 38 . 5 76 15 . . 38 367 Explosions 114 | . . 15 . . . . . . . 24 . . 56 . . . . . . . 7 . . . . 7 5 . . Melee 938 | . . . 90 . . . . . . . . . . 71 . 57 49 151 . . . . . 348 172 . . . . Knockbacks 110 | . . . . . . . 5 . . 1 . . 21 . 4 . . 28 . 13 . 1 . 8 . 1 . 14 14 Impact 1 | . . . . . . . . . . . . . 1 . . . . . . . . . . . . . . . . Kinetic 98 | . . . . . . . 4 . . 1 . . 18 . 4 . . 27 . 12 . 1 . 7 . 1 . 9 14 Secondary 11 | . . . . . . . 1 . . . . . 2 . . . . 1 . 1 . . . 1 . . . 5 . Self-Inflicted Damage 370 | . . . . . . . . . . 92 . . . . . . . 60 . . 14 . 34 . 31 . 113 . 26 Shots 11 | . . . . . . . . . . 1 . . . . . . . 1 . . 1 . 1 . 3 . 2 . 2 Rammed 3 | . . . . . . . . . . . . . 3 . . . . . . . . . . . . . . . . Targets Rammed 7 | . . . . . . . . . . . . . 6 . . . . 1 . . . . . . . . . . . Kicked 4 | . . . . . . . . . . . . . 3 . . . . 1 . . . . . . . . . . . Crushed . | . . . . . . . . . . . . . . . . . . . . . . . . . . . . . . Highest Temperature 441 | 54 84 284 2 268 347 327 261 280 335 246 441 . 395 70 68 70 100 234 197 240 89 86 52 . 199 256 166 215 253 Average Temperature 89 | 19 27 118 2 133 109 95 67 104 119 85 181 . 135 33 35 43 61 19 86 61 31 31 25 . 52 119 107 120 134 Received Heat Transfer 3146 | . 153 753 135 207 45 312 224 9 18 30 72 . 232 . 60 . . 116 . 32 31 . 9 104 300 4 37 88 175 Thermoelectric Energy+ 1661 | . . . . . . . . . . . . . . . . . . . . . . . . . . 1 . 69 1591 Effects 18 | . . 2 . 4 4 . . . . . 1 . 2 . . . . . . . . . . . . 2 . 3 . Energy Bleed 1 | . . . . 1 . . . . . . . . . . . . . . . . . . . . . . . . . Interference 16 | . . 2 . 3 4 . . . . . . . 2 . . . . . . . . . . . . 2 . 3 . Damage (minor) 1 | . . . . . . . . . . . 1 . . . . . . . . . . . . . . . . . . Siege Activations . | . . . . . . . . . . . . . . . . . . . . . . . . . . . . . . Martial Activations . | . . . . . . . . . . . . . . . . . . . . . . . . . . . . . . Shielding Activations . | . . . . . . . . . . . . . . . . . . . . . . . . . . . . . . Robots Disrupted . | . . . . . . . . . . . . . . . . . . . . . . . . . . . . . . Combat Hostiles . | . . . . . . . . . . . . . . . . . . . . . . . . . . . . . . Robots Corrupted 11 | . . . . . . . . . . . . . 1 . . . . . . . 1 . . . . 6 . 3 . Combat Hostiles 9 | . . . . . . . . . . . . . . . . . . . . . 1 . . . . 5 . 3 . Parts Fried 37 | . . . . . . . 2 . . . . . 1 . . . . . . . 2 . . . . 21 4 4 3 Impact Corruptions 6 | . . . 2 . . . 1 . . . . . 2 . . . . . . . . . . . . . . 1 . Robots Melted 8 | . . . . . . 2 2 . . . . . . . 2 . . 2 . . . . . . . . . . . Combat Hostiles 6 | . . . . . . 2 1 . . . . . . . 2 . . 1 . . . . . . . . . . . Parts Melted 30 | . . . . . 2 11 4 . . . 2 . . . 4 . . 4 . . . . . 1 . . . 1 1 Heat Transferred 14103 | 333 925 296 . 296 1184 3660 3007 370 74 531 481 . 825 . . . . 50 . . 575 . 210 444 . 50 200 592 . Parts Sabotaged 3 | . . . . . . . . . . . . . . . . . . . . . 1 . . . . . . . 2 Parts Stolen . | . . . . . . . . . . . . . . . . . . . . . . . . . . . . . . Parts Stripped . | . . . . . . . . . . . . . . . . . . . . . . . . . . . . . . Power Chain Reactions 13 | . . . . . . . . . . 1 . . . . . . . . . . 6 . . . . 3 2 1 . Alert | -11 -10 -10 -8 -8 -8 -6 -6 -6 -6 -6 -5 -5 -5 -5 -5 -5 -4 -4 -4 -4 -4 -3 -3 -3 -3 -2 -2 -1 -1 ------- Run | Yrd Mat Sub Mat Sto Rec Fac Ext Cet Arc Hub Fac Was Fac Upp Upp Zhi Pro Fac Upp Upp War Pro Res Qua Sec Res Tes Acc Com Maximum Alert Level 4 | . . . . . . 2 4 3 2 2 2 . 3 . . . . 1 . . . . . 1 1 1 1 1 2 Low Security (%) 70 | 100 100 . 100 100 100 76 13 . 24 60 . 100 71 . . . . 74 . . . . 100 70 89 96 69 62 . Level 1 19 | . . . . . . 15 42 . 63 35 89 . 10 . . . . 25 . . . . . 29 10 3 30 37 61 Level 2 5 | . . . . . . 8 19 57 11 3 10 . 2 . . . . . . . . . . . . . . . 38 Level 3 3 | . . . . . . . 19 42 . . . . 15 . . . . . . . . . . . . . . . . Level 4 . | . . . . . . . 5 . . . . . . . . . . . . . . . . . . . . . . Level 5 . | . . . . . . . . . . . . . . . . . . . . . . . . . . . . . . High Security . | . . . . . . . . . . . . . . . . . . . . . . . . . . . . . . Max Security . | . . . . . . . . . . . . . . . . . . . . . . . . . . . . . . Peak Influence 1179 | 10 80 . 107 159 42 540 1179 768 430 528 440 148 736 . . . . 344 . . . . 179 305 268 208 297 398 486 Initial 657 | . . . 34 24 42 150 263 657 253 46 248 148 61 . . . . . . . . . 9 96 168 71 73 158 252 Average 165 | 1 10 . 45 79 4 147 458 694 277 165 309 119 198 . . . . 145 . . . . 62 160 135 48 183 188 381 Influence Increases 13289 | 30 211 180 356 431 227 1208 1614 279 220 752 486 . 1233 . 335 10 5 774 . 430 534 45 477 906 675 357 361 509 644 Destroy 0b10 Robot/C 6740 | . 140 140 220 240 40 540 780 140 80 140 240 . 580 . 280 . . 380 . 300 400 40 140 420 440 200 220 280 360 Destroy 0b10 Robot/NC 510 | 30 25 . 25 15 60 25 55 10 5 25 5 . 50 . 5 10 5 35 . . 10 5 5 30 15 15 10 30 5 Destroy Leader 1252 | . 34 10 46 74 . 172 84 . . 56 30 . 114 . 50 . . 108 . 40 . . 42 54 90 64 30 92 62 Allied During Kill 940 | . . . . . . . 471 99 85 161 . . . . . . . . . . 124 . . . . . . . . Successful Hack 361 | . 12 . 12 7 8 72 42 . . 29 . . 66 . . . . 24 . . . . . 53 11 . 2 5 18 Select Force Hacks 90 | . . . . . 90 . . . . . . . . . . . . . . . . . . . . . . . . Disable Machine 795 | . . . . 15 15 30 90 . 45 210 30 . 60 . . . . 30 . . . . 30 90 60 . 60 30 . Anti-Garrison Action 150 | . . . . . . . . . . . . . . . . . . . . . . . 150 . . . . . . Destroy Structure 1281 | . . . 8 20 14 54 32 30 5 131 76 . 168 . . . . 182 . . . . 110 184 14 33 39 72 109 Advance Influence 150 | . . . . . . 150 . . . . . . . . . . . . . . . . . . . . . . . Partial Spotted 75 | . . . 15 . . . . . . . 15 . . . . . . 15 . . . . . 15 . . . . 15 Lose Combat Pursuer 945 | . . 30 30 60 . 165 60 . . . 90 . 195 . . . . . . 90 . . . 60 45 45 . . 75 Influence Decreases 12933 | 30 211 113 365 380 336 670 977 820 719 379 570 336 588 574 324 180 5 430 344 164 400 430 319 779 848 353 228 378 683 Entered New Map 3805 | . . . 33 34 67 . 275 518 381 89 260 276 27 272 31 170 . . 128 . 266 400 6 77 132 56 58 106 143 Time Decay 8128 | 30 191 103 322 336 269 602 542 262 318 230 310 60 551 302 293 10 5 430 216 164 104 30 313 610 526 217 170 262 350 Lost Part 330 | . 20 10 10 10 . 10 . . . . . . 10 . . . . . . . . . . . 40 20 . 10 190 Lost Ally 370 | . . . . . . . 160 40 20 60 . . . . . . . . . . 30 . . . . 60 . . . Purge Threat 300 | . . . . . . 58 . . . . . . . . . . . . . . . . . 92 150 . . . . Squads Dispatched 61 | . 1 . . 1 . 8 8 . . 3 2 . 7 . . . . 6 . . . . 4 6 7 . 2 3 3 Investigation 8 | . . . . . . . 4 . . . . . . . . . . 3 . . . . 1 . . . . . . Extermination 27 | . . . . . . 6 . . . 1 1 . 4 . . . . 2 . . . . . 5 3 . 1 1 3 Reinforcement 21 | . 1 . . 1 . 2 3 . . 2 1 . 2 . . . . 1 . . . . 3 1 3 . 1 . . Assault 2 | . . . . . . . 1 . . . . . 1 . . . . . . . . . . . . . . . . Garrison 1 | . . . . . . . . . . . . . . . . . . . . . . . . . . . . 1 . Intercept 2 | . . . . . . . . . . . . . . . . . . . . . . . . . 1 . . 1 . Searches Triggered . | . . . . . . . . . . . . . . . . . . . . . . . . . . . . . . Construction Impeded 3 | . . . . . . . 2 . . 1 . . . . . . . . . . . . . . . . . . . Haulers Reinforced 3 | . . . . . . . . . . 1 1 . . . . . . 1 . . . . . . . . . . . Active Scanning Responses . | . . . . . . . . . . . . . . . . . . . . . . . . . . . . . . Cargo Convoy Interrupts . | . . . . . . . . . . . . . . . . . . . . . . . . . . . . . . Stealth | -11 -10 -10 -8 -8 -8 -6 -6 -6 -6 -6 -5 -5 -5 -5 -5 -5 -4 -4 -4 -4 -4 -3 -3 -3 -3 -2 -2 -1 -1 --------- Run | Yrd Mat Sub Mat Sto Rec Fac Ext Cet Arc Hub Fac Was Fac Upp Upp Zhi Pro Fac Upp Upp War Pro Res Qua Sec Res Tes Acc Com Distress Signals 38 | . . . 2 . 1 5 1 2 . . 2 . 1 . . . . . . . 2 3 5 . 2 7 1 2 2 Communications Jammed 46 | . . . . . . . . . . . . . . . . . . . . . . . 9 3 34 . . . . Distress Signals 46 | . . . . . . . . . . . . . . . . . . . . . . . 9 3 34 . . . . Times Spotted 724 | . 16 22 18 17 7 41 44 10 8 12 22 6 51 . 11 . . 26 . 19 81 3 17 33 52 43 23 36 106 Peak Tracking Total 57 | . 3 5 4 5 1 5 7 5 2 5 6 6 9 . 3 . . 4 . 5 19 2 4 3 5 10 5 13 57 Tactical Retreats 41 | . . 1 2 2 . 8 3 . . . 5 . 7 . . . . . . 2 . . . 4 3 2 . . 2 Traps | -11 -10 -10 -8 -8 -8 -6 -6 -6 -6 -6 -5 -5 -5 -5 -5 -5 -4 -4 -4 -4 -4 -3 -3 -3 -3 -2 -2 -1 -1 ------- Run | Yrd Mat Sub Mat Sto Rec Fac Ext Cet Arc Hub Fac Was Fac Upp Upp Zhi Pro Fac Upp Upp War Pro Res Qua Sec Res Tes Acc Com Traps Triggered 25 | . 3 . . . . 3 1 . . . 1 . 4 . . . . 3 . . . 1 . 3 1 . 4 1 . Indirectly 4 | . . . . . . . . . . . . . . . . . . . . . . . . . . . 4 . . Trap Hack Attempts . | . . . . . . . . . . . . . . . . . . . . . . . . . . . . . . Triggered . | . . . . . . . . . . . . . . . . . . . . . . . . . . . . . . Disarmed . | . . . . . . . . . . . . . . . . . . . . . . . . . . . . . . Reprogrammed . | . . . . . . . . . . . . . . . . . . . . . . . . . . . . . . Reused . | . . . . . . . . . . . . . . . . . . . . . . . . . . . . . . Traps Extracted . | . . . . . . . . . . . . . . . . . . . . . . . . . . . . . . Installed . | . . . . . . . . . . . . . . . . . . . . . . . . . . . . . . Triggered . | . . . . . . . . . . . . . . . . . . . . . . . . . . . . . . Machines | -11 -10 -10 -8 -8 -8 -6 -6 -6 -6 -6 -5 -5 -5 -5 -5 -5 -4 -4 -4 -4 -4 -3 -3 -3 -3 -2 -2 -1 -1 ---------- Run | Yrd Mat Sub Mat Sto Rec Fac Ext Cet Arc Hub Fac Was Fac Upp Upp Zhi Pro Fac Upp Upp War Pro Res Qua Sec Res Tes Acc Com Machines Disabled 64 | . . . . 1 1 2 10 1 3 14 2 . 4 . . . . 2 1 2 1 . 3 6 4 . 5 2 . Max in Single Turn 9 | . . . . 1 1 1 1 1 1 9 1 . 2 . . . . 2 1 1 1 . 1 1 1 . 1 1 . Garrison Access 6 | . . . . . . . . . . . . . 1 . . . . 1 . . . . 2 1 . 1 . . . Network Hub 1 | . . . . . . . . . . 1 . . . . . . . . . . . . . . . . . . . Energy Cycler 1 | . . . . . . . 1 . . . . . . . . . . . . . . . . . . . . . . Machines Repaired . | . . . . . . . . . . . . . . . . . . . . . . . . . . . . . . Machines Dismantled 2 | . . . . . . . . . . . . . . . . . . . . 1 1 . . . . . . . . Machines Sabotaged . | . . . . . . . . . . . . . . . . . . . . . . . . . . . . . . Overloaded Fab Kills . | . . . . . . . . . . . . . . . . . . . . . . . . . . . . . . Hacking | -11 -10 -10 -8 -8 -8 -6 -6 -6 -6 -6 -5 -5 -5 -5 -5 -5 -4 -4 -4 -4 -4 -3 -3 -3 -3 -2 -2 -1 -1 --------- Run | Yrd Mat Sub Mat Sto Rec Fac Ext Cet Arc Hub Fac Was Fac Upp Upp Zhi Pro Fac Upp Upp War Pro Res Qua Sec Res Tes Acc Com Machines Accessed 114 | . 7 . 2 7 8 19 11 1 . 4 3 . 12 1 . 4 . 7 . 1 2 . 5 10 5 1 1 2 1 Terminals 78 | . 6 . 2 5 4 15 11 1 . 4 2 . 7 . . . . 3 . . . . 4 6 4 1 1 2 . Fabricators 1 | . . . . . . . . . . . . . . . . . . 1 . . . . . . . . . . . Repair Stations 10 | . 1 . . 2 . 1 . . . . . . 2 . . . . 1 . . . . . 2 . . . . 1 Recycling Units 3 | . . . . . 3 . . . . . . . . . . . . . . . . . . . . . . . . Scanalyzers 6 | . . . . . . 2 . . . . . . 1 . . . . 1 . . . . . 1 1 . . . . Garrison Access 7 | . . . . . . 1 . . . . 1 . 2 . . . . 1 . . . . 1 1 . . . . . Total Hacks 255 | . 17 . 3 15 15 42 22 3 . 6 5 . 28 1 . 17 . 20 . 1 5 . 10 25 10 1 2 4 3 Successful 132 | . 9 . 2 14 10 20 7 . . 3 . . 10 1 . 17 . 7 . 1 5 . 3 13 5 1 2 1 1 Failed 121 | . 7 . 1 1 5 22 15 3 . 3 5 . 18 . . . . 13 . . . . 7 11 5 . . 3 2 Catastrophic 25 | . . . 1 1 . 6 4 1 . . 2 . 5 . . . . . . . . . . 2 1 . . . 2 Database Lockouts 2 | . 1 . . . . . . . . . . . . . . . . . . . . . . 1 . . . . . Manual 109 | . 11 . 3 4 12 23 3 1 . 1 4 . 11 . . . . 7 . . . . 3 13 9 1 1 2 . Terminals 153 | . 11 . 3 7 9 31 22 3 . 6 4 . 13 . . . . 7 . . . . 7 15 8 1 2 4 . Fabricators 4 | . . . . . . . . . . . . . . . . . . 4 . . . . . . . . . . . Repair Stations 33 | . 6 . . 8 . 1 . . . . . . 7 . . . . 3 . . . . . 5 . . . . 3 Recycling Units 3 | . . . . . 3 . . . . . . . . . . . . . . . . . . . . . . . . Scanalyzers 21 | . . . . . . 8 . . . . . . 2 . . . . 5 . . . . . 4 2 . . . . Garrison Access 14 | . . . . . . 2 . . . . 1 . 6 . . . . 1 . . . . 3 1 . . . . . Terminal Hacks 65 | . 3 . 1 4 3 7 7 . . 2 . . 1 1 . 17 . . . 1 5 . 2 5 2 1 2 1 . Record 10 | . . . . . 1 . . . . . . . . . . 5 . . . . 4 . . . . . . . . Part Schematic 5 | . . . . . . . . . . 1 . . . . . 4 . . . . . . . . . . . . . Robot Analysis 5 | . 1 . . . . . . . . . . . . . . 4 . . . . . . . . . . . . . Prototype ID Bank 4 | . . . . . . . . . . . . . . . . 4 . . . . . . . . . . . . . Open Door 14 | . . . . 1 . 1 7 . . . . . . 1 . . . . . 1 1 . 1 . . . . 1 . Level Access Points 2 | . . . . . . . . . . . . . . . . . . . . . . . . . 1 . 1 . . Branch Access Points 5 | . . . 1 . . . . . . . . . 1 . . . . . . . . . 1 1 . 1 . . . Emergency Access Points 1 | . . . . . . . . . . 1 . . . . . . . . . . . . . . . . . . . Terminal Index 1 | . . . . . . 1 . . . . . . . . . . . . . . . . . . . . . . . Alert Level 2 | . . . . . . 1 . . . . . . . . . . . . . . . . . 1 . . . . . Unreport Threat 3 | . . . . . . 1 . . . . . . . . . . . . . . . . . 1 1 . . . . Locate Traps 5 | . . . . 2 . 3 . . . . . . . . . . . . . . . . . . . . . . . Recall Investigation 1 | . 1 . . . . . . . . . . . . . . . . . . . . . . . . . . . . Recall Extermination 1 | . . . . . . . . . . . . . . . . . . . . . . . . 1 . . . . . Recall Reinforcements 1 | . 1 . . . . . . . . . . . . . . . . . . . . . . . . . . . . Hauler Manifests 1 | . . . . 1 . . . . . . . . . . . . . . . . . . . . . . . . . Registered Prototypes 1 | . . . . . . . . . . . . . . . . . . . . . . . . 1 . . . . . Protovariant Controls 1 | . . . . . . . . . . . . . . . . . . . . . . . . . . . 1 . . Release Object 2 | . . . . . 2 . . . . . . . . . . . . . . . . . . . . . . . . Fabricator Hacks 2 | . . . . . . . . . . . . . . . . . . 2 . . . . . . . . . . . Load Schematic 1 | . . . . . . . . . . . . . . . . . . 1 . . . . . . . . . . . Build 1 | . . . . . . . . . . . . . . . . . . 1 . . . . . . . . . . . Repair Station Hacks 23 | . 5 . . 8 . . . . . . . . 5 . . . . 1 . . . . . 3 . . . . 1 Scan Component 14 | . 3 . . 4 . . . . . . . . 3 . . . . 1 . . . . . 2 . . . . 1 Repair 9 | . 2 . . 4 . . . . . . . . 2 . . . . . . . . . . 1 . . . . . Recycling Unit Hacks . | . . . . . . . . . . . . . . . . . . . . . . . . . . . . . . Scanalyzer 10 | . . . . . . 6 . . . . . . . . . . . 2 . . . . . 1 1 . . . . Insert Component 3 | . . . . . . 2 . . . . . . . . . . . 1 . . . . . . . . . . . Analyze 4 | . . . . . . 4 . . . . . . . . . . . . . . . . . . . . . . . Retrieve Study 3 | . . . . . . . . . . . . . . . . . . 1 . . . . . 1 1 . . . . Garrison Access Hacks 4 | . . . . . . . . . . . . . 1 . . . . 1 . . . . 1 1 . . . . . Seal Access 4 | . . . . . . . . . . . . . 1 . . . . 1 . . . . 1 1 . . . . . Unauthorized Hacks 28 | . 1 . 1 2 7 7 . . . 1 . . 3 . . . . 1 . . . . . 3 2 . . . . Terminals 24 | . 1 . 1 2 4 7 . . . 1 . . 3 . . . . 1 . . . . . 3 1 . . . . Track 1 | . . . . . . . . . . . . . . . . . . . . . . . . 1 . . . . . Botnet 14 | . 1 . 1 2 2 2 . . . 1 . . 2 . . . . 1 . . . . . 1 1 . . . . Operators 1 | . . . . . . . . . . . . . . . . . . . . . . . . 1 . . . . . Skim 8 | . . . . . 2 5 . . . . . . 1 . . . . . . . . . . . . . . . . Fabricators . | . . . . . . . . . . . . . . . . . . . . . . . . . . . . . . Repair Stations . | . . . . . . . . . . . . . . . . . . . . . . . . . . . . . . Recycling Units 3 | . . . . . 3 . . . . . . . . . . . . . . . . . . . . . . . . Tunnel 3 | . . . . . 3 . . . . . . . . . . . . . . . . . . . . . . . . Scanalyzers 1 | . . . . . . . . . . . . . . . . . . . . . . . . . 1 . . . . Researchers 1 | . . . . . . . . . . . . . . . . . . . . . . . . . 1 . . . . Garrison Access . | . . . . . . . . . . . . . . . . . . . . . . . . . . . . . . Data Cores Recovered . | . . . . . . . . . . . . . . . . . . . . . . . . . . . . . . Used . | . . . . . . . . . . . . . . . . . . . . . . . . . . . . . . Hacking Detections 58 | . 6 . 1 7 3 17 7 1 . 3 1 . 4 . . . . 3 . . . . 2 2 . . . . 1 Full Trace Events 8 | . . . . . . . 4 . . . . . . . . . . 3 . . . . 1 . . . . . . Feedback Events . | . . . . . . . . . . . . . . . . . . . . . . . . . . . . . . Feedback Blocked . | . . . . . . . . . . . . . . . . . . . . . . . . . . . . . . Robot Schematics Acquired . | . . . . . . . . . . . . . . . . . . . . . . . . . . . . . . Robots Built . | . . . . . . . . . . . . . . . . . . . . . . . . . . . . . . Authchips . | . . . . . . . . . . . . . . . . . . . . . . . . . . . . . . Time . | . . . . . . . . . . . . . . . . . . . . . . . . . . . . . . Total Robot Build Rating . | . . . . . . . . . . . . . . . . . . . . . . . . . . . . . . Part Schematics Acquired 13 | . . . . . . 2 . . . 1 . . . . . 4 . . . . . . . . 6 . . . . Parts Built 1 | . . . . . . . . . . . . . . . . . . 1 . . . . . . . . . . . Authchips . | . . . . . . . . . . . . . . . . . . . . . . . . . . . . . . Time 187 | . . . . . . . . . . . . . . . . . . 187 . . . . . . . . . . . Total Part Build Rating 7 | . . . . . . . . . . . . . . . . . . 7 . . . . . . . . . . . Part Studies Acquired 3 | . . . . . . . . . . . . . . . . . . 1 . . . . . 1 1 . . . . Parts Repaired 9 | . 2 . . 4 . . . . . . . . 2 . . . . . . . . . . 1 . . . . . Time 446 | . 52 . . 122 . . . . . . . . 164 . . . . . . . . . . 108 . . . . . Parts Recycled . | . . . . . . . . . . . . . . . . . . . . . . . . . . . . . . Recycled Matter . | . . . . . . . . . . . . . . . . . . . . . . . . . . . . . . Retrieved Matter . | . . . . . . . . . . . . . . . . . . . . . . . . . . . . . . Retrieved Components . | . . . . . . . . . . . . . . . . . . . . . . . . . . . . . . Parts Scanalyzed 3 | . . . . . . 2 . . . . . . . . . . . 1 . . . . . . . . . . . Part Schematics Acquired 2 | . . . . . . 2 . . . . . . . . . . . . . . . . . . . . . . . Parts Damaged 1 | . . . . . . 1 . . . . . . . . . . . . . . . . . . . . . . . Bothacking | -11 -10 -10 -8 -8 -8 -6 -6 -6 -6 -6 -5 -5 -5 -5 -5 -5 -4 -4 -4 -4 -4 -3 -3 -3 -3 -2 -2 -1 -1 ------------ Run | Yrd Mat Sub Mat Sto Rec Fac Ext Cet Arc Hub Fac Was Fac Upp Upp Zhi Pro Fac Upp Upp War Pro Res Qua Sec Res Tes Acc Com Used RIF Installer . | . . . . . . . . . . . . . . . . . . . . . . . . . . . . . . Robots Hacked . | . . . . . . . . . . . . . . . . . . . . . . . . . . . . . . Non-combat . | . . . . . . . . . . . . . . . . . . . . . . . . . . . . . . Combat . | . . . . . . . . . . . . . . . . . . . . . . . . . . . . . . Robot Hacks Applied . | . . . . . . . . . . . . . . . . . . . . . . . . . . . . . . Relay Couplers Released 15 | . . . . . . 4 . . . . . . . . . . . 3 . . . . . . 3 1 . 4 . Machine Destruction 1 | . . . . . . . . . . . . . . . . . . . . . . . . . . 1 . . . Programmers 14 | . . . . . . 4 . . . . . . . . . . . 3 . . . . . . 3 . . 4 . Fabnet Peak Effective % . | . . . . . . . . . . . . . . . . . . . . . . . . . . . . . . Robots Rewired 15 | . . . . . . . 10 . . . . . . . . . . . . . 5 . . . . . . . . Allies Hacked . | . . . . . . . . . . . . . . . . . . . . . . . . . . . . . . Hacks Repelled . | . . . . . . . . . . . . . . . . . . . . . . . . . . . . . . Allies | -11 -10 -10 -8 -8 -8 -6 -6 -6 -6 -6 -5 -5 -5 -5 -5 -5 -4 -4 -4 -4 -4 -3 -3 -3 -3 -2 -2 -1 -1 -------- Run | Yrd Mat Sub Mat Sto Rec Fac Ext Cet Arc Hub Fac Was Fac Upp Upp Zhi Pro Fac Upp Upp War Pro Res Qua Sec Res Tes Acc Com Total Allies 34 | . . . . . . . 20 5 . . . . . . . . . . . . 5 . . . . 4 . . . Largest Group 10 | . . . . . . . 10 9 5 4 . . . . . . . . . . 5 . . . . 4 . . . Highest-Rated Group 702 | . . . . . . . 417 702 410 384 . . . . . . . . . . 275 . . . . 384 . . . Highest-Rated Ally 159 | . . . . . . . 159 150 96 96 . . . . . . . . . . 64 . . . . 96 . . . Total Orders 18 | . . . . . . . 1 2 2 6 . . . . . . . . . 1 6 . . . . . . . . STAY 10 | . . . . . . . 1 1 1 3 . . . . . . . . . . 4 . . . . . . . . FOLLOW 6 | . . . . . . . . 1 1 3 . . . . . . . . . . 1 . . . . . . . . RETURN 2 | . . . . . . . . . . . . . . . . . . . . 1 1 . . . . . . . . Ally Attacks 311 | . . . . . . . 160 53 14 25 . . . . . . . . . . 30 . . . . 29 . . . Total Damage 8816 | . . . . . . . 3571 1797 504 1080 . . . . . . . . . . 1033 . . . . 831 . . . Kills 53 | . . . . . . . 30 8 2 6 . . . . . . . . . . 4 . . . . 3 . . . Allies Corrupted 2 | . . . . . . . . . . 2 . . . . . . . . . . . . . . . . . . . Allies Melted 1 | . . . . . . . . . . . . . . . . . . . . . . . . . . 1 . . . Intel | -11 -10 -10 -8 -8 -8 -6 -6 -6 -6 -6 -5 -5 -5 -5 -5 -5 -4 -4 -4 -4 -4 -3 -3 -3 -3 -2 -2 -1 -1 ------- Run | Yrd Mat Sub Mat Sto Rec Fac Ext Cet Arc Hub Fac Was Fac Upp Upp Zhi Pro Fac Upp Upp War Pro Res Qua Sec Res Tes Acc Com Active Infowar (turns) 16874 | 144 1141 825 712 411 . 967 . . . 134 186 . 808 628 1118 356 986 838 575 711 877 323 915 2396 1360 . . 463 . Optics 6713 | . . . . . . . . . . . . . . . . . . . 131 711 877 323 915 2396 1360 . . . . Sensors 5739 | . . . . . . . . . . . . . 808 628 1118 356 986 833 575 435 . . . . . . . . . IFF 462 | . . . . . . 142 . . . 134 186 . . . . . . . . . . . . . . . . . . Terrain 733 | . . . . . . . . . . . . . . . 131 . . . . 94 . . . . 45 . . 463 . Seismic 4058 | 144 1141 825 712 411 . 825 . . . . . . . . . . . . . . . . . . . . . . . Jamming 3199 | . . . . . . . . . . . . . . . 25 . . 5 . 26 . 299 893 1757 194 . . . . Robot Analysis Total 5 | . 1 . . . . . . . . . . . . . . 4 . . . . . . . . . . . . . Derelict Logs Recovered 8 | . . 1 . . . . . . . . . . . 1 . . 1 . 3 2 . . . . . . . . . Drone Launches 6 | . . . . . . . . . . . . . . . . . . . . 3 3 . . . . . . . . Drone Recoveries 6 | . . . . . . . . . . . . . . . . . . . . 3 3 . . . . . . . . Exploration | -11 -10 -10 -8 -8 -8 -6 -6 -6 -6 -6 -5 -5 -5 -5 -5 -5 -4 -4 -4 -4 -4 -3 -3 -3 -3 -2 -2 -1 -1 ------------- Run | Yrd Mat Sub Mat Sto Rec Fac Ext Cet Arc Hub Fac Was Fac Upp Upp Zhi Pro Fac Upp Upp War Pro Res Qua Sec Res Tes Acc Com Turns Passed 32224 | 221 1206 3467 794 838 2948 2359 1559 577 716 491 688 130 1804 667 1320 356 986 1344 596 711 877 323 915 2396 1475 740 353 576 791 Spaces Moved 19441 | 103 527 1725 268 298 1328 1806 933 310 197 359 520 133 1337 427 665 208 620 671 590 579 640 333 1002 1463 719 466 238 393 583 Core 4 | 2 . . 2 . . . . . . . . . . . . . . . . . . . . . . . . . . Treads 7411 | 101 527 1725 266 298 886 298 524 . . . 307 133 465 . . . . 128 . . . . . 992 171 . . 7 583 Legs 10753 | . . . . . 418 259 409 310 197 359 213 . 872 427 665 208 620 543 590 579 640 333 1002 471 548 466 238 386 . Wheels 201 | . . . . . 24 177 . . . . . . . . . . . . . . . . . . . . . . . Hover 1072 | . . . . . . 1072 . . . . . . . . . . . . . . . . . . . . . . . Flight . | . . . . . . . . . . . . . . . . . . . . . . . . . . . . . . Fastest Speed 50 | 50 160 160 160 160 80 81 81 104 104 104 98 98 98 155 155 155 155 99 99 99 99 76 76 76 126 96 96 95 95 Average Speed 126 | 157 160 173 228 164 145 104 132 109 104 104 100 98 104 155 155 155 155 145 99 99 99 82 76 130 140 119 116 109 95 Slowest Speed 550 | 160 160 260 550 240 160 145 175 127 104 104 104 98 155 155 155 155 155 204 99 99 99 99 76 156 156 235 148 113 95 Overloaded Moves . | . . . . . . . . . . . . . . . . . . . . . . . . . . . . . . Propulsion Burnouts . | . . . . . . . . . . . . . . . . . . . . . . . . . . . . . . Robots Hopped . | . . . . . . . . . . . . . . . . . . . . . . . . . . . . . . Potential Cave-ins 4 | . . . . . . . . . . . . . 2 . . . . . . . . . . . . . 2 . . Cave-ins Triggered . | . . . . . . . . . . . . . . . . . . . . . . . . . . . . . . Teleports 84 | . . . . . . . . . . . . . . . . . . . . . . . . . 13 20 10 16 25 Exploration Rate (%) 55 | 5 96 75 19 61 95 58 85 62 87 32 15 88 37 71 72 60 68 21 78 65 76 56 38 94 33 18 47 14 24 Regions Visited 29 Branch Regions 19 Pre-discovered Areas 9 | . . . . . 3 1 . . . . . . . . . 3 . . 2 . . . . . . . . . . Known Exits Taken 16 | . . . 1 . . . . . . 1 . . 1 1 1 1 1 1 1 1 1 1 1 . 1 1 1 . . Unknown Exits Taken 11 | 1 1 1 . 1 1 1 1 1 1 . . . . . . . . . . . . . . 1 . . . 1 . Scrap Searched 16 | . . 4 . . . . . . . . . . . 2 5 . 1 . . 3 . 1 . . . . . . . Spaces Dug 158 | . . 9 3 . 3 7 . . . 11 11 . 16 . 6 . 1 19 . 17 3 . 20 10 6 3 . 4 9 Terrain Destroyed 967 | . . 15 3 19 10 54 26 5 4 190 42 . 91 . 54 . 1 94 1 50 26 . 77 109 7 8 19 26 36 Melee 56 | . . 7 3 . 3 . . . . . 7 . 4 . . . 1 7 . . . . 6 8 6 3 . 1 . Projectile 490 | . . 2 . 2 7 54 26 5 4 26 35 . 52 . 22 . . 51 1 19 8 . 10 101 1 3 . 25 36 AOE 421 | . . 6 . 17 . . . . . 164 . . 35 . 32 . . 36 . 31 18 . 61 . . 2 19 . . Terrain Rammed . | . . . . . . . . . . . . . . . . . . . . . . . . . . . . . . Walls Destroyed . | . . . . . . . . . . . . . . . . . . . . . . . . . . . . . . Machines Disabled . | . . . . . . . . . . . . . . . . . . . . . . . . . . . . . . Actions | -11 -10 -10 -8 -8 -8 -6 -6 -6 -6 -6 -5 -5 -5 -5 -5 -5 -4 -4 -4 -4 -4 -3 -3 -3 -3 -2 -2 -1 -1 --------- Run | Yrd Mat Sub Mat Sto Rec Fac Ext Cet Arc Hub Fac Was Fac Upp Upp Zhi Pro Fac Upp Upp War Pro Res Qua Sec Res Tes Acc Com Total 25003 | 132 809 1991 378 569 2269 2116 1163 524 692 438 630 132 1609 430 920 235 642 903 599 671 812 368 1103 1787 1004 573 277 500 727 Wait 3132 | 6 221 104 43 202 872 139 106 189 474 45 41 . 53 . 205 . 20 49 2 27 40 10 17 94 132 7 1 8 25 Move 19413 | 102 526 1724 267 297 1327 1805 932 309 196 358 520 132 1336 426 664 207 619 670 589 578 639 332 1001 1462 718 465 237 392 583 Hop . | . . . . . . . . . . . . . . . . . . . . . . . . . . . . . . Pick Up 169 | 3 11 14 7 2 3 16 8 4 1 1 11 . 20 2 . 5 . 9 . 3 9 . 8 17 5 4 . 5 1 Fast Attach 75 | 7 . 3 7 7 1 6 . . 1 . . . 3 . 3 4 . 4 1 1 4 . 3 7 5 2 2 2 2 Attach 95 | . 2 2 1 2 . 4 . 1 . . 2 . 7 . . 2 . 1 1 3 5 1 7 12 16 8 3 4 11 Detach 78 | . . 2 1 2 8 2 . . 1 . . . 4 . . 2 . 3 1 3 3 2 7 8 10 8 3 5 3 Swap 233 | 1 7 22 3 13 3 17 1 3 2 1 11 . 31 1 13 1 1 24 1 9 5 3 8 21 12 5 8 3 3 Drop 170 | . 1 10 8 7 12 21 5 3 1 2 8 . 13 . 4 8 . 10 1 2 13 1 6 21 5 1 . 6 1 Fire 1276 | 13 41 79 34 37 38 106 53 15 16 31 25 . 120 . 31 . . 117 3 36 66 14 36 104 19 65 19 67 91 Melee 224 | . . 29 6 . 5 . . . . . 10 . 9 1 . 6 2 12 . . . . 7 35 78 7 3 7 7 Ram . | . . . . . . . . . . . . . . . . . . . . . . . . . . . . . . Kick 4 | . . . . . . . . . . . . . 3 . . . . 1 . . . . . . . . . . . Crush 3 | . . . . . . . . . . . . . 3 . . . . . . . . . . . . . . . . Escape Stasis 7 | . . . . . . . 2 . . . . . . . . . . . . . . 5 . . . . . . . Rewire 76 | . . . 1 . . . 56 . . . . . . . . . . . . . 19 . . . . . . . . Trap . | . . . . . . . . . . . . . . . . . . . . . . . . . . . . . . Miscellaneous 48 | . . 2 . . . . . . . . 2 . 7 . . . . 3 . 9 9 . 3 6 4 1 1 1 . Route ------- -11/Scrapyard -10/Materials (discovered 5 exits: [*Mat x2] / [*Min x2] / [*Sub]) -10/Subcaves (discovered 2 exits: *Mat x2) -8/Materials -8/Storage -8/Recycling -6/Factory (discovered 7 exits: *Fac x4 / *Low x2 / *Ext) -6/Extension (discovered 2 exits: *Fac / *Cet) -6/Cetus (discovered 2 exits: *Fac / [*Arc]) -6/Archives (discovered 3 exits: *Fac / *Hub x2) -6/Hub_04(d) (discovered 2 exits: *Fac x2) -5/Factory (discovered 2 exits: *Upp x2) -5/Waste -5/Factory (discovered 4 exits: *Fac x2 / *Upp x2) -5/Upper Caves -5/Upper Caves (discovered 2 exits: *Fac / *Zhi) -5/Zhirov -4/Proximity Caves -4/Factory (discovered 3 exits: *Res x2 / *Upp) -4/Upper Caves -4/Upper Caves -4/Warlord -3/Proximity Caves -3/Research (discovered 2 exits: *Qua x2) -3/Quarantine (discovered 3 exits: *Res / *Sec / [*Frg]) -3/Section 7 -2/Research (discovered 3 exits: *Acc / *Tes x2) -2/Testing -1/Access -1/Command History --------- Turn | Location | Event 32 | -11/Scrapyard | Discovered new exit (range 14) 222 | -11/Scrapyard | Entered Materials 310 | -10/Materials | Build established: Mutant 599 | -10/Materials | Repaired Lgt. Treads 631 | -10/Materials | Repaired Lgt. Treads 674 | -10/Materials | Discovered new exit (range 13) 751 | -10/Materials | Discovered new exit (range 5) 755 | -10/Materials | Central database locked down 803 | -10/Materials | Discovered new exit (range 12) 1084 | -10/Materials | Discovered new exit (range 10) 1415 | -10/Materials | Discovered new exit (range 8) 1428 | -10/Materials | Entered Subcaves 1429 | -10/Subcaves | Approached by a straggling Scientist 1432 | -10/Subcaves | Learned Materials machine intel 1749 | -10/Subcaves | Discovered new exit (range 14) 1911 | -10/Subcaves | Build established: Scavenger-Mutant 2149 | -10/Subcaves | Shifting Twisted Machinery released Flamer 2159 | -10/Subcaves | Shifting Twisted Machinery released Sub. Optics 2362 | -10/Subcaves | A swath of the cavern ceiling suddenly collapsed 2575 | -10/Subcaves | Build established: Mutant 3046 | -10/Subcaves | A Subdweller sparked back to life 3046 | -10/Subcaves | A Subdweller sparked back to life 3046 | -10/Subcaves | A Subdweller sparked back to life 3132 | -10/Subcaves | Found Prototype Protection 3132 | -10/Subcaves | Identified Gun Armor 3134 | -10/Subcaves | Attached Gun Armor, gained temporary slots: Weapon x2 3256 | -10/Subcaves | Shifting Twisted Machinery released Shrapnel Trap 3274 | -10/Subcaves | Shifting Twisted Machinery released Piercing Trap 3350 | -10/Subcaves | Discovered new exit (range 10) 3420 | -10/Subcaves | Disturbed a concealed Subdweller 4045 | -10/Subcaves | Ambushed by Subdweller buried in earth 4054 | -10/Subcaves | Core integrity fell below 50% 4108 | -10/Subcaves | Ambushed by angry Subdweller bent on revenge 4895 | -10/Subcaves | Entered Materials 4895 | -8/Materials | Evolved 4 slots: Propulsion x2, Utility x2 4896 | -8/Materials | Loaded intel: 62 machine locations 5396 | -8/Materials | Discovered new exit (range 10) 5617 | -8/Materials | Identified exit to Storage 5689 | -8/Materials | Entered Storage 5754 | -8/Storage | Repaired Lgt. Treads 5775 | -8/Storage | Build established: Scavenger-Mutant 5787 | -8/Storage | Repaired Sub. Shrapnel Launcher 6342 | -8/Storage | Build established: Tank 6349 | -8/Storage | Repaired Imp. Ion Engine 6382 | -8/Storage | Repaired Imp. Treads 6500 | -8/Storage | Used back door to open Recycling access 6500 | -8/Storage | Discovered new exit (range 5) 6527 | -8/Storage | Entered Recycling 6936 | -8/Recycling | Discovered new exit (range 16) 6999 | -8/Recycling | Entered Scraplab 7753 | -8/Recycling | Found Prototype Device 7753 | -8/Recycling | Identified Scrap Engine 8005 | -8/Recycling | Build established: Mutant 8700 | -8/Recycling | Build established: Construct 9475 | -8/Recycling | Entered Factory 9475 | -6/Factory | Evolved 4 slots: Power x1, Propulsion x1, Utility x2 10062 | -6/Factory | Discovered new exit (range 6) 10195 | -6/Factory | Discovered new exit (range 13) 10534 | -6/Factory | Discovered new exit (range 10) 10925 | -6/Factory | Discovered new exit (range 8) 11088 | -6/Factory | Learned Extension emergency access door positions 11180 | -6/Factory | Learned Hub_04(d) security intel 11212 | -6/Factory | Loaded intel: 4 scanalyzer locations 11232 | -6/Factory | Learned Extension stockpile data 11241 | -6/Factory | Identified exit to Lower Caves 11242 | -6/Factory | Learned location of Extension (-6) 11251 | -6/Factory | Learned 2 Lower Caves zone layouts 11268 | -6/Factory | Learned 2 Proximity Caves zone layouts 11294 | -6/Factory | Identified exit to Factory 11742 | -6/Factory | Discovered exit to Lower Caves (range 9) 11834 | -6/Factory | Entered Extension 12245 | -6/Extension | Rescued a captive Derelict 12252 | -6/Extension | Rescued a captive Derelict 12366 | -6/Extension | Rescued a captive Derelict 12366 | -6/Extension | Rescued a captive Derelict 12413 | -6/Extension | Rescued a captive Derelict 12434 | -6/Extension | Rescued A7 12650 | -6/Extension | Spotted B-75 Beast 12661 | -6/Extension | Destroyed B-75 Beast 12689 | -6/Extension | Spotted B-75 Beast 12703 | -6/Extension | Allies destroyed B-75 Beast 12725 | -6/Extension | Lost 5 allies 12802 | -6/Extension | Rescued a captive Derelict 12805 | -6/Extension | Rescued a captive Derelict 12827 | -6/Extension | Rescued a captive Derelict 12862 | -6/Extension | Rescued a captive Derelict 12968 | -6/Extension | Energy Cycler disabled 12971 | -6/Extension | Rescued a captive Derelict 12972 | -6/Extension | Rescued a captive Derelict 12972 | -6/Extension | Rescued a captive Derelict 12972 | -6/Extension | Rescued a captive Derelict 12973 | -6/Extension | Rescued a captive Derelict 12974 | -6/Extension | Rescued a captive Derelict 13019 | -6/Extension | Lost 5 allies 13234 | -6/Extension | First assault squad dispatched 13303 | -6/Extension | Lost 3 allies 13304 | -6/Extension | Discovered exit to Factory (range 12) 13315 | -6/Extension | Discovered new exit (range 8) 13393 | -6/Extension | Entered Cetus 13393 | -6/Cetus | Accompanied by 4 allies (A7) 13398 | -6/Cetus | Acquired a Cetus Manufacturing Module code from A7 13416 | -6/Cetus | Spotted Cetus Guard 13420 | -6/Cetus | Spotted Cetus Guard 13421 | -6/Cetus | Spotted Cetus Guard 13422 | -6/Cetus | Spotted Cetus Guard 13427 | -6/Cetus | Allies destroyed Cetus Guard 13431 | -6/Cetus | Destroyed Cetus Guard 13433 | -6/Cetus | Allies destroyed Cetus Guard 13434 | -6/Cetus | Destroyed Cetus Guard 13490 | -6/Cetus | Started Cetus Manufacturing Module 13515 | -6/Cetus | Manufactured an Enhanced Grunt 13540 | -6/Cetus | Manufactured an Enhanced Grunt 13565 | -6/Cetus | Manufactured an Enhanced Grunt 13577 | -6/Cetus | Discovered new exit (range 15) 13590 | -6/Cetus | Manufactured an Enhanced Grunt 13615 | -6/Cetus | Manufactured an Enhanced Grunt 13656 | -6/Cetus | Spotted Cetus Guard 13661 | -6/Cetus | Spotted Cetus Guard 13663 | -6/Cetus | Spotted Cetus Guard 13663 | -6/Cetus | Spotted Cetus Guard 13672 | -6/Cetus | Allies destroyed Cetus Guard 13685 | -6/Cetus | Allies destroyed Cetus Guard 13697 | -6/Cetus | Lost 3 allies 13702 | -6/Cetus | Found Prototype Device 13702 | -6/Cetus | Identified Exp. Thermal Shield 13717 | -6/Cetus | Discovered exit to Factory (range 15) 13722 | -6/Cetus | Met Revision 17 13837 | -6/Cetus | Build established: Commander-Construct 13870 | -6/Cetus | Murdered A7 13872 | -6/Cetus | Extracted ID and sensor layout for unrecognized location from A7's data core 13970 | -6/Cetus | Entered Archives 13970 | -6/Archives | Accompanied by 5 allies 14024 | -6/Archives | Discovered new exit (range 16) 14079 | -6/Archives | Discovered exit to Factory (range 15) 14130 | -6/Archives | Discovered new exit (range 15) 14686 | -6/Archives | Entered Hub_04(d) 14686 | -6/Hub_04(d) | Accompanied by 4 allies 14694 | -6/Hub_04(d) | Spotted B-75 Beast 14707 | -6/Hub_04(d) | Allies destroyed B-75 Beast 14810 | -6/Hub_04(d) | Discovered exit to Factory (range 7) 14970 | -6/Hub_04(d) | Discovered exit to Factory (range 12) 15161 | -6/Hub_04(d) | Network Hub disabled 15175 | -6/Hub_04(d) | Spotted Lightning 15175 | -6/Hub_04(d) | Spotted Lightning 15176 | -6/Hub_04(d) | Spotted Lightning 15177 | -6/Hub_04(d) | Entered Factory 15177 | -5/Factory | Evolved 2 slots: Utility x1, Weapon x1 15178 | -5/Factory | Identified exit to Upper Caves 15206 | -5/Factory | Lost 3 allies 15345 | -5/Factory | Spotted B-75 Beast 15478 | -5/Factory | Build established: Construct 15865 | -5/Factory | Sucked down chute 15865 | -5/Factory | Entered Waste 15880 | -5/Waste | EMP discharged 15881 | -5/Waste | Spotted C-40 Crusher 15888 | -5/Waste | Spotted C-40 Crusher 15891 | -5/Waste | Spotted C-40 Crusher 15895 | -5/Waste | Spotted C-40 Crusher 15907 | -5/Waste | Spotted C-40 Crusher 15907 | -5/Waste | Spotted C-40 Crusher 15980 | -5/Waste | EMP discharged 15980 | -5/Waste | System corruption reached 10% 15986 | -5/Waste | Discovered new exit (range 10) 15995 | -5/Waste | Entered Factory 16304 | -5/Factory | Discovered new exit (range 15) 16369 | -5/Factory | Identified exit to Factory 16510 | -5/Factory | Repaired Adv. Shield Generator? 16627 | -5/Factory | Repaired Centrium Medium Armor Plating 16711 | -5/Factory | Discovered exit to Factory (range 15) 17108 | -5/Factory | Spotted B-75 Beast 17495 | -5/Factory | First assault squad dispatched 17528 | -5/Factory | Destroyed 9 combat bots 17799 | -5/Factory | Entered Upper Caves 17951 | -5/Upper Caves | Learned 4 Factory zone layouts 18144 | -5/Upper Caves | Encountered a Warlord checkpoint 18238 | -5/Upper Caves | Discovered new exit (range 13) 18273 | -5/Upper Caves | Identified exit to Upper Caves 18466 | -5/Upper Caves | Entered another Upper Caves area 18559 | -5/Upper Caves | Discovered exit to Factory (range 11) 19681 | -5/Upper Caves | Attracted the attention of an 0b10 checkpoint 19754 | -5/Upper Caves | Discovered new exit (range 8) 19765 | -5/Upper Caves | Identified exit to Zhirov 19786 | -5/Upper Caves | Entered Zhirov 19787 | -5/Zhirov | Discovered new exit (range 3) 19839 | -5/Zhirov | Met Zhirov 19867 | -5/Zhirov | Learned location of Quarantine (-3) 19867 | -5/Zhirov | Learned location of Testing (-2) 19867 | -5/Zhirov | Learned location of Command (-1) 19884 | -5/Zhirov | Zhirov requested help retrieving the SGEMP Prototype 19908 | -5/Zhirov | Found Alien Artifact 19908 | -5/Zhirov | Identified Integrated Reactor 19908 | -5/Zhirov | Installed Integrated Reactor, increased core energy generation (+10) 19926 | -5/Zhirov | Found Alien Artifact 20140 | -5/Zhirov | Identified exit to Proximity Caves 20142 | -5/Zhirov | Entered Proximity Caves 20889 | -4/Proximity Caves | Learned Research terminal intel 21119 | -4/Proximity Caves | Discovered exit to Factory (range 7) 21128 | -4/Proximity Caves | Entered Factory 21128 | -4/Factory | Evolved 2 slots: Propulsion x1, Weapon x1 21129 | -4/Factory | Identified exit to Research 22293 | -4/Factory | Fabricated Exp. Optical Array? 22429 | -4/Factory | Discovered exit to Research (range 7) 22448 | -4/Factory | Discovered new exit (range 7) 22470 | -4/Factory | Identified exit to Upper Caves 22472 | -4/Factory | Entered Upper Caves 22529 | -4/Upper Caves | Learned Research trap positions 22933 | -4/Upper Caves | Found Alien Artifact 22933 | -4/Upper Caves | Identified Dimensional Node Initializer 22933 | -4/Upper Caves | Initialized slip node 23001 | -4/Upper Caves | Spotted B-86 Titan 23044 | -4/Upper Caves | Discovered new exit (range 5) 23047 | -4/Upper Caves | Identified exit to Upper Caves 23068 | -4/Upper Caves | Entered another Upper Caves area 23251 | -4/Upper Caves | Attracted the attention of an 0b10 checkpoint 23354 | -4/Upper Caves | Encountered a Warlord checkpoint 23362 | -4/Upper Caves | Learned Research terminal intel 23682 | -4/Upper Caves | Discovered new exit (range 19) 23687 | -4/Upper Caves | Learned 4 Research zone layouts 23778 | -4/Upper Caves | Identified exit to Warlord 23779 | -4/Upper Caves | Entered Warlord 23824 | -4/Warlord | System corruption cleaned by Quarantine Array 24071 | -4/Warlord | Met Warlord 24096 | -4/Warlord | Warlord's base attacked by MAIN.C 24123 | -4/Warlord | Found Prototype Energy Gun 24123 | -4/Warlord | Identified Vortex Shotgun 24130 | -4/Warlord | Found Prototype Energy Cannon 24130 | -4/Warlord | Identified Vortex Cannon 24138 | -4/Warlord | Found Vortex Cannon 24142 | -4/Warlord | Found Vortex Shotgun 24219 | -4/Warlord | Found Prototype Reactor 24229 | -4/Warlord | Found Prototype Hackware 24233 | -4/Warlord | Found Prototype Processor 24233 | -4/Warlord | Identified Exp. Core Analyzer 24242 | -4/Warlord | Found Prototype Device 24242 | -4/Warlord | Identified Exp. Focal Shield 24289 | -4/Warlord | Identified Vortex Chain Reactor 24310 | -4/Warlord | Build established: Commander-Construct 24436 | -4/Warlord | Destroyed 12 combat bots 24446 | -4/Warlord | Warlord forces counterattacked 24458 | -4/Warlord | Spotted Striker 24540 | -4/Warlord | P-70 Sage assimilated allied 6Y-H8R(Y) 24558 | -4/Warlord | Spotted Striker 24595 | -4/Warlord | Lost 13 allies 24596 | -4/Warlord | Spotted Executioner 24602 | -4/Warlord | Spotted Executioner 24648 | -4/Warlord | Lost 6 allies 24648 | -4/Warlord | Discovered new exit (range 9) 24655 | -4/Warlord | Identified exit to Proximity Caves 24656 | -4/Warlord | Entered Proximity Caves 24863 | -3/Proximity Caves | Found DCF Scrap (14 items) 24942 | -3/Proximity Caves | Build established: Construct 24946 | -3/Proximity Caves | Discovered exit to Research (range 21) 24979 | -3/Proximity Caves | Entered Research 24979 | -3/Research | Evolved 2 slots: Utility x2 24980 | -3/Research | Identified exit to Quarantine 24981 | -3/Research | Loaded intel: 76 trap records 24982 | -3/Research | Loaded intel: 23 terminal locations 24985 | -3/Research | Identified System Mapper 25179 | -3/Research | Revision forces began assault on 0b10 25227 | -3/Research | Spotted B-86 Titan 25235 | -3/Research | Met up with Revision 17++ 25285 | -3/Research | Build established: Hacker-Construct 25679 | -3/Research | Research terminal network offline 25850 | -3/Research | Spotted Striker 25862 | -3/Research | Destroyed Striker 25894 | -3/Research | Entered Quarantine 25973 | -3/Quarantine | Found Alien Artifact 26237 | -3/Quarantine | Found Gamma Bomb Array 26255 | -3/Quarantine | Central database locked down 26500 | -3/Quarantine | Found Alien Artifact 26638 | -3/Quarantine | Discovered new exit (range 22) 26713 | -3/Quarantine | Found Alien Reactor 26713 | -3/Quarantine | Identified Matter Drive 26992 | -3/Quarantine | Found Dimensional Node Initializer 27003 | -3/Quarantine | Found Alien Artifact 27335 | -3/Quarantine | Found Alien Artifact 27335 | -3/Quarantine | Identified Phase Redirector 27361 | -3/Quarantine | Identified Phase Armor 27403 | -3/Quarantine | System corruption reached 10% 27408 | -3/Quarantine | Repaired Centrium Medium Armor Plating? 27679 | -3/Quarantine | Found Alien Slashing Weapon 27679 | -3/Quarantine | Identified Sigix Broadsword 28150 | -3/Quarantine | Spotted Fortress 28282 | -3/Quarantine | Discovered new exit (range 6) 28282 | -3/Quarantine | Discovered new exit (range 7) 28290 | -3/Quarantine | Entered Section 7 28531 | -3/Section 7 | Identified exit to Research 28671 | -3/Section 7 | Spotted S7 Guard 29045 | -3/Section 7 | Scanned by Researcher 29060 | -3/Section 7 | Found Alien Artifact 29060 | -3/Section 7 | Identified Integrated Thermoelectric Network 29060 | -3/Section 7 | Installed Integrated Thermoelectric Network, gained heat-energy exchange potential 29253 | -3/Section 7 | Spotted S7 Guard 29266 | -3/Section 7 | Destroyed S7 Guard 29271 | -3/Section 7 | Found Prototype Protection 29271 | -3/Section 7 | Identified Hvy. Regenerative Plating 29275 | -3/Section 7 | Found Alien Artifact 29275 | -3/Section 7 | Identified Navigation Efficiency Matrix 29275 | -3/Section 7 | Installed Navigation Efficiency Matrix, process failed with unexpected side effects 29346 | -3/Section 7 | Found Alien Artifact 29346 | -3/Section 7 | Identified Integrated Dissipator 29346 | -3/Section 7 | Installed Integrated Dissipator, increased core heat dissipation (+20) 29535 | -3/Section 7 | Intercept squad dispatched 29765 | -3/Section 7 | Entered Research 29765 | -2/Research | Warlord forces began assault on 0b10 29765 | -2/Research | Evolved 2 slots: Power x1, Utility x1 29766 | -2/Research | Loaded intel: 22 terminal locations 29800 | -2/Research | Identified exit to Testing 29841 | -2/Research | Met up with Warlord 29875 | -2/Research | Research machine network offline 29950 | -2/Research | Borebot progress halted 30050 | -2/Research | Spotted Striker 30073 | -2/Research | Build established: Hacker-Mutant 30146 | -2/Research | Discovered new exit (range 16) 30275 | -2/Research | Spotted Striker 30288 | -2/Research | Spotted Executioner 30328 | -2/Research | Spotted Striker 30332 | -2/Research | Lost 5 allies 30338 | -2/Research | Spotted Striker 30344 | -2/Research | Destroyed Executioner 30348 | -2/Research | Spotted Executioner 30352 | -2/Research | Spotted Executioner 30368 | -2/Research | Destroyed Executioner 30370 | -2/Research | Destroyed Executioner 30395 | -2/Research | Lost 5 allies 30439 | -2/Research | Attacked by Warlord forces 30447 | -2/Research | Spotted UX-ZZV(K) 30476 | -2/Research | Attacked by Warlord 30476 | -2/Research | Spotted 9P-1VO(K) 30505 | -2/Research | Entered Testing 30534 | -2/Testing | Found Prototype Device 30534 | -2/Testing | Identified AEGIS Remote Shield 30656 | -2/Testing | Build established: Hacker-Construct 30796 | -2/Testing | Identified exit to Access 30814 | -2/Testing | Found Prototype Device 30814 | -2/Testing | Identified Exp. Hardlight Generator 30858 | -2/Testing | Entered Access 30858 | -1/Access | Evolved 2 slots: Utility x2 30960 | -1/Access | Found Quantum Capacitor 31289 | -1/Access | Intercept squad dispatched 31308 | -1/Access | Spotted Tracker 31309 | -1/Access | Spotted Tracker 31338 | -1/Access | Destroyed Tracker 31363 | -1/Access | System corruption reached 10% 31384 | -1/Access | Destroyed Tracker 31397 | -1/Access | Garrison activated, responded to threat 31432 | -1/Access | Discovered new exit (range 3) 31434 | -1/Access | Entered Command 31463 | -1/Command | Spotted B-99 Colossus 31889 | -1/Command | Initialized slip node 32020 | -1/Command | Spotted M Guard 32022 | -1/Command | Spotted Combat Programmer 32022 | -1/Command | Spotted Combat Programmer 32023 | -1/Command | Identified Transdimensional Reconstructor (x2) 32023 | -1/Command | Failed to warp due to unstable space 32096 | -1/Command | Spotted M Guard 32100 | -1/Command | Destroyed Combat Programmer 32155 | -1/Command | Core integrity fell below 50% 32156 | -1/Command | System corruption reached 30% 32191 | -1/Command | Lost 14 parts (4p1n6u3w) 32211 | -1/Command | Core integrity fell below 20% 32225 | -1/Command | Destroyed by P-80 Master with Gamma Rifle Last Messages --------------- 32218_ Treaded Siege-Myomer Exoskeleton core remains intact and functional. 32219_ Slug penetrates Wall. 32219_ Destroyed Adv. Heat Sink. 32219_ P-80 Master resets P-80 Master, system corruption cleaned. 32220_ Penetrated by Slug. 32221_ Destroyed Adv. Heat Sink. 32222_ Slug penetrates Wall. 32223_ Wall collapses. 32223_ Penetrated by Slug. 32225_ System corrupted: Matter fused (-6). 32225_ System corrupted: Linear Accelerator jammed. 32225_ Slug penetrates P-80 Master. 32225_ Penetrated by Slug. 32225_ P-80 Master resets P-80 Master, system corruption cleaned. 32225_ P-80 Master resets H-88 Terminator, system corruption cleaned. Map ----- +----------------------------------------------------+ | ?????????????????????????????????????????????????? | | ?????????????????????????????????????????????????? | | ?????????????????????????????????????????????????? | | ?????????????????????????????????????????????????? | | ?????????????????????????????????????????????????? | | ?????????????????????????????????????????????????? | | ?????????????????????????????????????????????????? | | ?????????????????????????????????????????????????? | | ?????????????????????????????????????????????????? | | ?????????????????????????????????????????????????? | | ???????????????????????????????????????????????### | | ???????????????????????????????????????????????# | | ???????????????????????????????????????????????# | | ???????????????????????????????????????????????# | | ??????????????????????#####????????????????????## | | ??????????????????????? ????????????????????# | | ??????????????????????? ????????????????????# | | ??????????????????????? ????????????????????# | | ??????????????????????? p????????????????????# | | ???????????????????????#/p#????????????????????## | | ???????????????????????# p#????????????????????# | | ???????????????????????#pp#????????????????????# | | ???????????????????????#!p#????????????????????# | | ???????????????????????#=p#????????????????????##? | | ???????????????????????#lh#??????????????????????? | | ???????????????????????#p@#??????????????????????? | | ???????????????????????#g%;#?????????????????????? | | ??????????????????????#=pph#?????????????????????? | | ??????????????????????#xsph#?????????????????????? | | ??????????????????????#eghg#?????????????????????? | | ??????????????????????#xxe%#?????????????????????? | | ??????????????????????#/xgh#?????????????????????? | | ??????????????????????#*=p%#?????????????????????? | | ??????????????????????###h##?###??##?????????????? | | ????????????????????????#p#??# #?? #?????????????? | | ????????????????????????#x#??# #?? #?????????????? | | ????????????????????????#p#### ### #### #????????? | | ????????????????????????# [ #????????? | | ????????????????????????########"+"#####?????????? | | ???????????????????????????????# [#?????????????? | | ???????????????????????????????# #?????????????? | | ???????????????????????????????# #?????????????? | | ???????????????????????????????# #?????????????? | | ???????????????????????????????# ! #?????????????? | | ???????????????????????????????# #?????????????? | | ???????????????????????????????# #?????????????? | | ???????????????????????????????# #?????????????? | | ???????????????????????????????# #?????????????? | | ???????????????????????????????# #?????????????? | | ???????????????????????????????# #?????????????? | +----------------------------------------------------+ Best States ------------- Heat Dissipation 129 Energy Generation 128 Energy Capacity 1462 Matter Stores 300 Matter Capacity 300 Sight Range 23 Robot Scan Range 16 Terrain Scan Range 20 Terrain Scan Density 10 Jamming Range 14 Power Amplification 40 Additional Mass Support 20 Base Temperature (-) 150 Armor Coverage 825 Resistance: KI 20 Resistance: TH 30 Evasion (%) 69 Targeting Accuracy 6 Core Analysis 8 Recoil Reduction 6 Offensive Hacking 20 Item Schematics ----------------- Imp. Cryofiber Web | -6/Factory | Scanalyzed Sub. Shrapnel Launcher | -6/Factory | Scanalyzed Adv. Cryofiber Web | -6/Hub_04(d) | Hacked Assault Drone Bay | -5/Zhirov | Free Exp. Heat Sink | -5/Zhirov | Free Exp. Optical Array | -5/Zhirov | Free Imp. Arc Thrower | -5/Zhirov | Free Centrium Light Armor Plating | -3/Section 7 | Archive Adv. Matter Compressor | -3/Section 7 | Archive Imp. Particle Accelerator | -3/Section 7 | Archive Enh. Biometal Leg | -3/Section 7 | Archive Adv. Micro-nuke Launcher | -3/Section 7 | Archive Diametric Drive | -3/Section 7 | Archive Robot Schematics ------------------ None Fabricated ------------ Exp. Optical Array | x1 | -4/Factory Repaired ---------- Lgt. Treads | 52% | -10/Materials Lgt. Treads | 72% | -10/Materials Lgt. Treads | 20% | -8/Storage Sub. Shrapnel Launcher | 56% | -8/Storage Imp. Ion Engine | 15% | -8/Storage Imp. Treads | 27% | -8/Storage Adv. Shield Generator | 34% | -5/Factory Centrium Medium Armor Plating | 79% | -5/Factory Centrium Medium Armor Plating | 36% | -3/Quarantine Studied --------- Proton Missile Launcher | -4/Factory | Hacked Gamma Bomb Array | -3/Quarantine | Hacked Com. HERF Cannon | -3/Section 7 | Hacked Alien Tech Used ----------------- Integrated Reactor Dimensional Node Initializer Matter Drive Phase Redirector Phase Armor Sigix Broadsword Integrated Thermoelectric Network Navigation Efficiency Matrix Integrated Dissipator Transdimensional Reconstructor Achievements -------------- Irresistible Scrap Challenges ------------ None Game ------ Seed ReflectiveMetamassDrive Manual? 0 Play Time 05:45:57 Cumulative 276.1 hours Start 2025.12.06 @ 15:22:50 End 2025.12.07 @ 00:37:17 Sessions 3 Manual Loads 0 Difficulty Rogue Special Mode None Game No. 203 Rogue 203 Adventurer 0 Explorer 0 Win Type - Total 12 Types 7/0/2/1/0/0/0/1/0/1 Lore% 71 Gallery% 75 Achievement% 69 Wizard Run 0 Options --------- Layout 2 ASCII 0 Keyboard 1 Movement Arrows Keybinds 0 Fullscreen 1 Font 32/Tamsyn Map View 50x44 Zoom Use 0% Tactical HUD 1 Map Filters NONE Filters NONE Steam 1 RUN: 7ee0e2c4-a518-4c55-9bbd-0fc94dd55634